Workbook

Sheet ORÇAMENTO
B1: ANEXO 1 – PLANILHA ORÇAMENTÁRIA: PLANO INTEGRADO DE URBANIZAÇÃO E REGULARIZAÇÃO FUNDIÁRIA FUNCIONÁRIOS
A2: FASE | B2: PRODUTO | C2: QUANTIDADE | D2: UNIDADE | E2: CUSTO UNITÁRIO | F2: CUSTO TOTAL | G2: MÊS DE DESEMBOLSO | H2: PERCENTUAL DO CONTRATO
A3: ETAPA 01 – PLANEJAMENTO DA URBANIZAÇÃO E REGULARIZAÇÃO FUNDIÁRIA
A4: LEVANTAMENTO SITUACIONAL E PESQUISA DOMINIAL | B4: Relatório de Levantamento Situacional | C4: 1 | D4: unidade | E4: =F4 -> 43064.84 | F4: ='MEMÓRIA DE CÁLCULO'!P4 -> 43064.84 | G4: 1 | H4: =F4/$F$32 -> 0.0123636
B5: Plano de Mobilização, Organização e Capacitação Social | C5: 1 | D5: unidade | E5: =F5 -> 19793.09 | F5: ='MEMÓRIA DE CÁLCULO'!P13 -> 19793.09 | G5: 1 | H5: =F5/$F$32 -> 0.0056824509
B6: Relatório de Pesquisa Dominial e Cartorária | C6: 1 | D6: unidade | E6: =F6 -> 61278.03 | F6: ='MEMÓRIA DE CÁLCULO'!P16 -> 61278.03 | G6: 2 | H6: =F6/$F$32 -> 0.017592473
A7: ATUALIZAÇÃO DA BASE CARTOGRÁFICA | B7: Levantamento Planialtimétrico Cadastral | C7: ='MEMÓRIA DE CÁLCULO'!D23 -> 453749 | D7: m² | E7: ='MEMÓRIA DE CÁLCULO'!L23 -> 2.84 | F7: ='MEMÓRIA DE CÁLCULO'!P23 -> 1288647.2 | G7: 4 | H7: =F7/$F$32 -> 0.36996114
B8: Relatório da Base Cartográfica Atualizada | C8: 1 | D8: unidade | E8: =F8 -> 88269.63 | F8: ='MEMÓRIA DE CÁLCULO'!P24 -> 88269.63 | G8: 4 | H8: =F8/$F$32 -> 0.025341563
A9: SELAGEM E CADASTRO SOCIOECONÔMICO E FUNDIÁRIO | B9: Relatório da fase de Selagem e Cadastro Socioeconômico e Fundiário, incluindo como anexo o arquivo digital do Banco de Dados Preliminar e os prontuários separados por selo | C9: 1 | D9: unidade | E9: =F9 -> 413037.67 | F9: ='MEMÓRIA DE CÁLCULO'!P28 -> 413037.67 | G9: 8 | H9: =F9/$F$32 -> 0.11858008
A10: DIAGNÓSTICOS | B10: Diagnóstico Setorial Jurídico | C10: 1 | D10: unidade | E10: =F10 -> 50495.51 | F10: ='MEMÓRIA DE CÁLCULO'!P35 -> 50495.51 | G10: 10 | H10: =F10/$F$32 -> 0.01449689
B11: Diagnóstico Setorial dos Aspectos Físico-Urbano-Ambientais | C11: 1 | D11: unidade | E11: =F11 -> 160655.67 | F11: ='MEMÓRIA DE CÁLCULO'!P38 -> 160655.67 | G11: 10 | H11: =F11/$F$32 -> 0.046123064
B12: Diagnóstico Setorial dos Aspectos Socioeconômico Organizativos | C12: 1 | D12: unidade | E12: =F12 -> 15890.71 | F12: ='MEMÓRIA DE CÁLCULO'!P42 -> 15890.71 | G12: 10 | H12: =F12/$F$32 -> 0.0045621062
B13: Diagnóstico Integrado | C13: 1 | D13: unidade | E13: =F13 -> 108137.83 | F13: ='MEMÓRIA DE CÁLCULO'!P44 -> 108137.83 | G13: 11 | H13: =F13/$F$32 -> 0.031045577
A14: PROPOSTAS DE SOLUÇÃO DAS DESCONFORMIDADES | B14: Relatório de Cenário de Intervenção Integrada | C14: 1 | D14: unidade | E14: =F14 -> 46896.12 | F14: ='MEMÓRIA DE CÁLCULO'!P51 -> 46896.12 | G14: 12 | H14: =F14/$F$32 -> 0.013463532
B15: Propostas de Intervenção Físico-Urbano-Ambientais | C15: 1 | D15: unidade | E15: =F15 -> 179810.91 | F15: ='MEMÓRIA DE CÁLCULO'!P57 -> 179810.91 | G15: 13 | H15: =F15/$F$32 -> 0.051622393
B16: Propostas de Intervenção Socioeconômico-Organizativas | C16: 1 | D16: unidade | E16: =F16 -> 11977.44 | F16: ='MEMÓRIA DE CÁLCULO'!P64 -> 11977.44 | G16: 13 | H16: =F16/$F$32 -> 0.0034386351
B17: Propostas de Intervenção Jurídico-Legais | C17: 1 | D17: unidade | E17: =F17 -> 51013.7 | F17: ='MEMÓRIA DE CÁLCULO'!P66 -> 51013.7 | G17: 13 | H17: =F17/$F$32 -> 0.014645659
B18: Estimativas de Custos de Urbanização | C18: 1 | D18: unidade | E18: =F18 -> 43444.34 | F18: ='MEMÓRIA DE CÁLCULO'!P72 -> 43444.34 | G18: 14 | H18: =F18/$F$32 -> 0.012472551
B19: Hierarquização de Ações e Obras | C19: 1 | D19: unidade | E19: =F19 -> 80699.44 | F19: ='MEMÓRIA DE CÁLCULO'!P73 -> 80699.44 | G19: 15 | H19: =F19/$F$32 -> 0.023168217
A20: ETAPA 02 – PROJETO DE REGULARIZAÇÃO FUNDIÁRIA SUSTENTÁVEL
A21: REGULARIZAÇÃO FUNDIÁRIA URBANA REURB | B21: Relatório elucidativo dos procedimentos técnicos e administrativos referentes à Demarcação Urbanística | C21: 1 | D21: unidade | E21: =F21 -> 101566.13 | F21: ='MEMÓRIA DE CÁLCULO'!P79 -> 101566.13 | G21: 17 | H21: =F21/$F$32 -> 0.029158891
B22: Projeto de Parcelamento preliminar | C22: 1 | D22: unidade | E22: =F22 -> 54484.76 | F22: ='MEMÓRIA DE CÁLCULO'!P92 -> 54484.76 | G22: 18 | H22: =F22/$F$32 -> 0.015642175
B23: Listagem preliminar das unidades e beneficiários | C23: 1 | D23: unidade | E23: =F23 -> 11851.73 | F23: ='MEMÓRIA DE CÁLCULO'!P94 -> 11851.73 | G23: 18 | H23: =F23/$F$32 -> 0.0034025447
B24: Relatório demonstrativo do Plantão de Conferência Documental e Parcelamento | C24: 1 | D24: unidade | E24: =F24 -> 258033.73 | F24: ='MEMÓRIA DE CÁLCULO'!P96 -> 258033.73 | G24: 20 | H24: =F24/$F$32 -> 0.07407959
B25: Projeto de Regularização Fundiária | C25: 1 | D25: unidade | E25: =F25 -> 48867.01 | F25: ='MEMÓRIA DE CÁLCULO'!P100 -> 48867.01 | G25: 20 | H25: =F25/$F$32 -> 0.01402936
B26: Relatório demonstrativo do Plantão Pré-Titulação | C26: 1 | D26: unidade | E26: =F26 -> 141980.79 | F26: ='MEMÓRIA DE CÁLCULO'!P102 -> 141980.79 | G26: 21 | H26: =F26/$F$32 -> 0.040761643
B27: Banco de Dados Consolidado | C27: 1 | D27: unidade | E27: =F27 -> 13290.87 | F27: ='MEMÓRIA DE CÁLCULO'!P106 -> 13290.87 | G27: 22 | H27: =F27/$F$32 -> 0.0038157112
A28: TITULAÇÃO FUNCIONÁRIOS | B28: Registro da CRF no Cartório de Registro de Imóveis | C28: 1 | D28: unidade | E28: =F28 -> 24828.96 | F28: ='MEMÓRIA DE CÁLCULO'!P109 -> 24828.96 | G28: 22 | H28: =F28/$F$32 -> 0.0071282122
B29: Certidões de registro dos títulos individualizados | C29: 1 | D29: unidade | E29: =F29 -> 71376.82 | F29: ='MEMÓRIA DE CÁLCULO'!P112 -> 71376.82 | G29: 23 | H29: =F29/$F$32 -> 0.020491761
B30: Documentos finais sistematizados | C30: 1 | D30: unidade | E30: =F30 -> 15200.39 | F30: ='MEMÓRIA DE CÁLCULO'!P117 -> 15200.39 | G30: 24 | H30: =F30/$F$32 -> 0.0043639204
B31: Relatório síntese do resultado das assembleias de entrega de títulos | C31: 1 | D31: unidade | E31: =F31 -> 78602.68 | F31: ='MEMÓRIA DE CÁLCULO'!P121 -> 78602.68 | G31: 24 | H31: =F31/$F$32 -> 0.022566253
A32: TOTAL | F32: =SUM(F21:F31,F4:F19) -> 3483196 | G32: - | H32: 1

Sheet CRONOGRAMA FISICO FINANC
A1: ANEXO 2 – CRONOGRAMA FÍSICO-FINANCEIRO: PLANO INTEGRADO DE URBANIZAÇÃO E REGULARIZAÇÃO FUNDIÁRIA FUNCIONÁRIOS
A2: FASE | B2: ATIVIDADE | C2: PRODUTO | D2: 1 | E2: 2 | F2: 3 | G2: 4 | H2: 5 | I2: 6 | J2: 7 | K2: 8 | L2: 9 | M2: 10 | N2: 11 | O2: 12 | P2: 13 | Q2: 14 | R2: 15 | S2: 16 | T2: 17 | U2: 18 | V2: 19 | W2: 20 | X2: 21 | Y2: 22 | Z2: 23 | AA2: 24
A3: ETAPA 01 – PLANEJAMENTO DA URBANIZAÇÃO E REGULARIZAÇÃO FUNDIÁRIA
A4: LEVANTAMENTO SITUACIONAL E PESQUISA DOMINIAL | B4: Vistoria técnica multidisciplinar | C4: Relatório de Levantamento Situacional | D4: =ORÇAMENTO!F4 -> 43064.84
B6: Sistematização das informações
B8: Trabalho Técnico Social
B9: Plano de Mobilização, Organização e Capacitação Social | C9: Plano de Mobilização, Organização e Capacitação Social | D9: =ORÇAMENTO!F5 -> 19793.09
B10: Trabalho Técnico Social
B11: Pesquisa Cartorária | C11: Relatório de Pesquisa Dominial e Cartorária | E11: =ORÇAMENTO!F6 -> 61278.03
B12: Quadro dominial
B14: =SUM(D4,D9,E11) -> 124135.96
A15: ATUALIZAÇÃO DA BASE CARTOGRÁFICA | B15: Levantamento Planialtimétrico Cadastral | C15: Levantamento Planialtimétrico Cadastral | G15: =ORÇAMENTO!F7 -> 1288647.2
B16: Atualização da Base | C16: Relatório da Base Cartográfica Atualizada | G16: =ORÇAMENTO!F8 -> 88269.63
B17: Trabalho Técnico Social
B18: =SUM(G15,G16) -> 1376916.8
A19: SELAGEM E CADASTRO SOCIOECONÔMICO E FUNDIÁRIO | B19: Contagem de Domicílio e Selagem | C19: Relatório da fase de Selagem e Cadastro Socioeconômico e Fundiário, incluindo como anexo o arquivo digital do Banco de Dados Preliminar e os prontuários separados por selo | K19: =ORÇAMENTO!F9 -> 413037.67
B20: Aplicação de Cadastro
B21: Montagem de Banco de Dados
B22: Trabalho Técnico Social
B23: =SUM(K19) -> 413037.67
A24: DIAGNÓSTICO | B24: Jurídico | C24: Diagnóstico Setorial Jurídico | M24: =ORÇAMENTO!F10 -> 50495.51
B25: Trabalho Técnico Social
B26: Físico-Urbano-Ambiental | C26: Diagnóstico Setorial dos Aspectos Físico-Urbano-Ambientais | M26: =ORÇAMENTO!F11 -> 160655.67
B27: Trabalho Técnico Social
B28: Socioeconômico-Organizativo | C28: Diagnóstico Setorial dos Aspectos Socioeconômico Organizativos | M28: =ORÇAMENTO!F12 -> 15890.71
B29: Trabalho Técnico Social
B30: Integrado | C30: Diagnóstico Integrado
B31: Trabalho Técnico Social | N31: =ORÇAMENTO!F13 -> 108137.83
B32: =SUM(M24,M26,M28,M30,N31) -> 335179.72
A33: PROPOSTAS DE SOLUÇÃO DAS DESCONFORMIDADES | B33: Estudo de Cenário de Intervenção Integrada | C33: Relatório de Cenário de Intervenção Integrada | O33: =ORÇAMENTO!F14 -> 46896.12
B34: Trabalho Técnico Social
B35: Propostas de Intervenção Físico-Urbano-Ambiental | C35: Propostas de Intervenção Físico-Urbano-Ambiental | P35: =ORÇAMENTO!F15 -> 179810.91
B36: Plano de Intervenção Integrada
B37: Trabalho Técnico Social
B38: Propostas de Interevenção Socioeconômica-Organizativa | C38: Propostas de Interevenção Socioeconômica-Organizativa | P38: =ORÇAMENTO!F16 -> 11977.44
B39: Trabalho Técnico Social
B40: Propostas de Intervenção Jurídico-Legais | C40: Propostas de Intervenção Jurídico-Legais | P40: =ORÇAMENTO!F17 -> 51013.7
B41: Plano de Regularização Fundiária
B42: Trabalho Técnico Social
B43: Estimativa de custos de Urbanização | C43: Estimativa de custos de Urbanização | Q43: =ORÇAMENTO!F18 -> 43444.34
B44: Hierarquização de Ações e Obras | C44: Hierarquização de Ações e Obras | R44: =ORÇAMENTO!F19 -> 80699.44
B45: Trabalho Técnico Social
B46: =SUM(O33,P35,P38,P40,Q43,R44) -> 413841.95
A47: ETAPA 02 – PROJETO DE REGULARIZAÇÃO FUNDIÁRIA SUSTENTÁVEL
A48: REGULARIZAÇÃO FUNDIÁRIA URBANA REURB | B48: Auto de Demarcação Urbanística | C48: Relatório elucidativo dos procedimentos técnicos e administrativos referentes à Demarcação Urbanística | T48: =ORÇAMENTO!F21 -> 101566.13
B49: Notificações dos titulares de domínio e confrontantes
B50: Lavratura dos autos e averbação
B51: Trabalho Técnico Social
B52: Elaboração do projeto de parcelamento preliminar e memorial descritivo da área a ser regularizada | C52: Projeto de Parcelamento preliminar | U52: =ORÇAMENTO!F22 -> 54484.76
B53: Elaboração da listagem preliminar das unidades e beneficiários | C53: Listagem preliminar das unidades e beneficiários | U53: =ORÇAMENTO!F23 -> 11851.73
B54: Plantão de Conferência Documental e Parcelamento | C54: Relatório demonstrativo do Plantão de Conferência Documental e Parcelamento | W54: =ORÇAMENTO!F24 -> 258033.73
B55: Consolidação do Projeto de Regularização Fundiária - PRF | C55: Projeto de Regularização Fundiária | W55: =ORÇAMENTO!F25 -> 48867.01
B56: Trabalho Técnico Social
B57: Plantão Pré-Titulação | C57: Relatório demonstrativo do Plantão Pré-Titulação | X57: =ORÇAMENTO!F26 -> 141980.79
B58: Consolidação do Banco de Dados | C58: Banco de Dados Consolidado | Y58: =ORÇAMENTO!F27 -> 13290.87
B59: =SUM(T48,U52:Y58) -> 630075.02
A60: TITULAÇÃO FUNCIONÁRIOS | B60: Elaboração da CRF e protocolo no cartório de registro de imóveis | C60: Registro da CRF no Cartório de Registro de Imóveis | Y60: =ORÇAMENTO!F28 -> 24828.96
B61: Trabalho Técnico Social
B62: Resolução das pendências cartorárias | C62: Certidões de registro dos títulos individualizados | Z62: =ORÇAMENTO!F29 -> 71376.82
B63: Trabalho Técnico Social
B64: Atualização do Banco de Dados | C64: Documentos finais sistematizados | AA64: =ORÇAMENTO!F30 -> 15200.39
B65: Consolidação dos dossiês individuais por domicílio
B66: Assembleia de Encerramento e Titulação | C66: Relatório síntese do resultado das assembleias de entrega de títulos | AA66: =ORÇAMENTO!F31 -> 78602.68
B67: =SUM(Y59:AA66) -> 190008.85
A69: DESEMBOLSOS TOTAIS | D69: =SUM(D4:D46,D48:D67) -> 62857.93 | E69: =SUM(E4:E46,E48:E67) -> 61278.03 | G69: =SUM(G4:G46,G48:G67) -> 1376916.8 | K69: =SUM(K4:K46,K48:K67) -> 413037.67 | M69: =SUM(M4:M46,M48:M67) -> 227041.89 | N69: =SUM(N4:N46,N48:N67) -> 108137.83 | O69: =SUM(O4:O46,O48:O67) -> 46896.12 | P69: =SUM(P4:P46,P48:P67) -> 242802.05 | Q69: =SUM(Q4:Q46,Q48:Q67) -> 43444.34 | R69: =SUM(R4:R46,R48:R67) -> 80699.44 | T69: =SUM(T4:T46,T48:T67) -> 101566.13 | U69: =SUM(U4:U46,U48:U67) -> 66336.49 | W69: =SUM(W4:W46,W48:W67) -> 306900.74 | X69: =SUM(X4:X46,X48:X67) -> 141980.79 | Y69: =SUM(Y4:Y46,Y48:Y67) -> 38119.83 | Z69: =SUM(Z4:Z46,Z48:Z67) -> 71376.82 | AA69: =SUM(AA4:AA46,AA48:AA67) -> 93803.07 | AB69: =SUM(D69:AA69) -> 3483196
A70: PERCENTUAL DO CONTRATO | D70: =D69/$AB$69 -> 0.01804605 | E70: =E69/$AB$69 -> 0.017592473 | G70: =G69/$AB$69 -> 0.39530271 | K70: =K69/$AB$69 -> 0.11858008 | M70: =M69/$AB$69 -> 0.065182061 | N70: =N69/$AB$69 -> 0.031045577 | O70: =O69/$AB$69 -> 0.013463532 | P70: =P69/$AB$69 -> 0.069706687 | Q70: =Q69/$AB$69 -> 0.012472551 | R70: =R69/$AB$69 -> 0.023168217 | T70: =T69/$AB$69 -> 0.029158891 | U70: =U69/$AB$69 -> 0.019044719 | W70: =W69/$AB$69 -> 0.08810895 | X70: =X69/$AB$69 -> 0.040761643 | Y70: =Y69/$AB$69 -> 0.010943923 | Z70: =Z69/$AB$69 -> 0.020491761 | AA70: =AA69/$AB$69 -> 0.026930173 | AB70: =SUM(D70:AA70) -> 1
C71: REPASSE | D71: =D69-D72 -> 62857.93 | E71: =E69-E72 -> 61278.03 | G71: =G69-G72 -> 1307965.1 | K71: =K69-K72 -> 64.5 | M71: =M69-M72 -> 227041.89 | N71: =N69-N72 -> 108137.83 | O71: =O69-O72 -> 46896.12 | P71: =P69-P72 -> 242802.05 | Q71: =Q69-Q72 -> 43444.34 | R71: =R69-R72 -> 80699.44 | T71: =T69-T72 -> 101566.13 | U71: =U69-U72 -> 66336.49 | W71: =W69-W72 -> 306900.74 | X71: =X69-X72 -> 141980.79 | Y71: =Y69-Y72 -> 38119.83 | Z71: =Z69-Z72 -> 71376.82 | AA71: =AA69-AA72 -> 93803.07
C72: CONTRAPARTIDA | D72: 0 | E72: 0 | G72: 68951.71 | K72: 412973.17 | M72: 0 | N72: 0 | O72: 0 | P72: 0 | Q72: 0 | R72: 0 | T72: 0 | U72: 0 | W72: 0 | X72: 0 | Y72: 0 | Z72: 0 | AA72: 0 | AB72: =AB69-AB71 -> 3483196
A73: DESEMBOLSO ACUMULADO | D73: =D69 -> 62857.93 | E73: =D73+E69 -> 124135.96 | F73: =E73+F69 -> 124135.96 | G73: =F73+G69 -> 1501052.8 | H73: =G73+H69 -> 1501052.8 | I73: =H73+I69 -> 1501052.8 | J73: =I73+J69 -> 1501052.8 | K73: =J73+K69 -> 1914090.4 | L73: =K73+L69 -> 1914090.4 | ... AA73: =Z73+AA69 -> 3483196
A74: PERCENTUAL ACUMULADO | D74: =D70 -> 0.01804605 | E74: =D74+E70 -> 0.035638523 | F74: =E74+F70 -> 0.035638523 | G74: =F74+G70 -> 0.43094123 | H74: =G74+H70 -> 0.43094123 | I74: =H74+I70 -> 0.43094123 | J74: =I74+J70 -> 0.43094123 | K74: =J74+K70 -> 0.54952131 | L74: =K74+L70 -> 0.54952131 | ... AA74: =Z74+AA70 -> 1

Sheet COMPOSIÇÃO HORA TÉCNICA
B1: Anexo 3.1 - Composição de preço de hora técnica com base nos quantitativos e custos unitários dos insumos utilizados
B4: Profissional | C4: Fonte/ Código | D4: CUSTO TOTAL HORA | E4: CUSTO DIRETO MÃO DE OBRA | F4: CUSTO HORA-TÉCNICA | H4: Encargos e Tributos incidentes sobre os serviços | I4: %
B5: Engenheiro Intermediário (H) | C5: SUDECAP / 56.11.05 | D5: - | E5: 72.64 | F5: =ROUND(E5*$C$16,2) -> 172.09 | H5: ENCARGOS SOCIAIS | I5: 73.66
B6: Arquiteto Júnior (H) | C6: SINAPI / 33939 | D6: 131.18 | E6: =ROUND(D6/2.167,2) -> 60.54 | F6: =ROUND(E6*$C$16,2) -> 143.42
B7: Arquiteto Sênior (H) | C7: SINAPI / 33953 | D7: 142.77 | E7: =ROUND(D7/2.1679,2) -> 65.86 | F7: =ROUND(E7*$C$16,2) -> 156.02 | H7: PIS | I7: 1.32
B8: Técnico de Nível Superior Sênior (H) | C8: URBEL / 31.40.32 | D8: - | E8: 31.83 | F8: =ROUND(E8*$C$16,2) -> 75.41 | H8: COFINS | I8: 6.08
B9: Advogado Sênior (H) | C9: DNIT / P8003 | D9: - | E9: 54.21 | F9: =ROUND(E9*$C$16,2) -> 128.42 | H9: ISS | I9: 5
B13: Parâmetros adotados | D13: Identificação
B14: DD | C14: 0 | D14: Despesas diretas
B15: TRDE* (1+k3)(1+k4) | C15: =(1+C19/100)*(1+C20/100) -> 1.2557078 | D15: Taxa de ressarcimento de despesas e encargos
B16: K* (1+k1+k2)(1+k3)(1+k4) | C16: =((1+C17/100+C18/100)*(1+C19/100)*(1+C20/100)) -> 2.3690183 | D16: FATOR K
B17: K1 | C17: =I5 -> 73.66 | D17: Encargos sociais incidentes sobre a mão de obra
B18: K2 | C18: 15 | D18: Administração central da empresa de consultoria (ou overhead)
B19: K3 | C19: 10 | D19: Remuneração bruta da empresa de consultoria
B20: K4* 1/(1-I) | C20: =((1/(1-SUM(I7:I9)/100))-1)*100 -> 14.155251 | D20: Fator relativo aos tributos incidentes sobre o preço de venda

Sheet MEMÓRIA DE CÁLCULO
A1: ANEXO 3 – MEMÓRIA DE CÁLCULO: PLANO INTEGRADO DE URBANIZAÇÃO E REGULARIZAÇÃO FUNDIÁRIA FUNCIONÁRIOS
A2: FASE | B2: PRODUTO | C2: ATIVIDADE | D2: QUANTIDADE* | E2: UNIDADE | F2: QUANTIDADE DE PROFISSIONAIS | G2: PROFISSIONAIS | H2: REFERÊNCIA | I2: CÓDIGO | J2: CUSTO UNITÁRIO | K2: FATOR DE PREÇO | L2: CUSTO C/ FATOR DE PREÇO | M2: TOTAL S/ DESPESAS COMPLEMENTARES POR ATIVIDADE | N2: TOTAL S/ DESPESAS COMPLEMENTARES POR PRODUTO | O2: DESPESAS COMPLEMENTARES POR PRODUTO CONFORME ANEXO 3.2 | P2: TOTAL C/ DESPESAS COMPLEMENTARES POR PRODUTO | Q2: PERCENTUAL DO TOTAL S/ DESP. COMP. E SEM COORD. | R2: PERCENTUAL DA ETAPA
A3: ETAPA 01 – PLANEJAMENTO DA URBANIZAÇÃO E REGULARIZAÇÃO FUNDIÁRIA
A4: LEVANTAMENTO SITUACIONAL E PESQUISA DOMINIAL | B4: Relatório de Levantamento Situacional | C4: Vistoria técnica multidisciplinar | D4: 15 | E4: h | F4: 1 | G4: Arquiteto Júnior | H4: SINAPI | I4: 33939 | J4: ='COMPOSIÇÃO HORA TÉCNICA'!$E$6 -> 60.54 | K4: K | L4: ='COMPOSIÇÃO HORA TÉCNICA'!F6 -> 143.42 | M4: =ROUND(D4*F4*L4,2) -> 2151.3 | N4: =SUM(M4:M12) -> 28629 | O4: ='DESPESAS COMPLEMENTARES'!M3 -> 14435.84 | P4: =ROUND(N4+O4,2) -> 43064.84 | Q4: =M4/($M$22+$M$27+$M$34+$M$50+$M$77+$M$108+$M$126+#REF!) -> #REF! | R4: =M4/$M$22 -> 0.021485177
D5: 10 | E5: h | F5: 1 | G5: Arquiteto Sênior | H5: SINAPI | I5: 33953 | J5: ='COMPOSIÇÃO HORA TÉCNICA'!$E$7 -> 65.86 | K5: K | L5: ='COMPOSIÇÃO HORA TÉCNICA'!$F$7 -> 156.02 | M5: =ROUND(D5*F5*L5,2) -> 1560.2 | Q5: =M5/($M$22+$M$27+$M$34+$M$50+$M$77+$M$108+$M$126+#REF!) -> #REF! | R5: =M5/$M$22 -> 0.015581822
D6: 15 | E6: h | F6: 1 | G6: Advogado Sênior | H6: DNIT | I6: P8003 | J6: ='COMPOSIÇÃO HORA TÉCNICA'!$E$9 -> 54.21 | K6: K | L6: ='COMPOSIÇÃO HORA TÉCNICA'!$F$9 -> 128.42 | M6: =ROUND(D6*F6*L6,2) -> 1926.3
D7: 15 | E7: h | F7: 2 | G7: Técnico de Nível Superior | H7: URBEL | I7: 31.40.32 | J7: ='COMPOSIÇÃO HORA TÉCNICA'!$E$8 -> 31.83 | K7: K | L7: ='COMPOSIÇÃO HORA TÉCNICA'!$F$8 -> 75.41 | M7: =ROUND(D7*F7*L7,2) -> 2262.3 | Q7: =M7/($M$22+$M$27+$M$34+$M$50+$M$77+$M$108+$M$126+#REF!) -> #REF! | R7: =M7/$M$22 -> 0.022593741
C8: Sistematização das informações | D8: 40 | E8: h | F8: 1 | G8: Arquiteto Júnior | H8: SINAPI | I8: 33939 | J8: ='COMPOSIÇÃO HORA TÉCNICA'!$E$6 -> 60.54 | K8: K | L8: ='COMPOSIÇÃO HORA TÉCNICA'!F6 -> 143.42 | M8: =ROUND(D8*F8*L8,2) -> 5736.8 | Q8: =M8/($M$22+$M$27+$M$34+$M$50+$M$77+$M$108+$M$126+#REF!) -> #REF! | R8: =M8/$M$22 -> 0.057293805
D9: 10 | E9: h | F9: 1 | G9: Arquiteto Sênior | H9: SINAPI | I9: 33953 | J9: ='COMPOSIÇÃO HORA TÉCNICA'!$E$7 -> 65.86 | K9: K | L9: ='COMPOSIÇÃO HORA TÉCNICA'!$F$7 -> 156.02 | M9: =ROUND(D9*F9*L9,2) -> 1560.2 | Q9: =M9/($M$22+$M$27+$M$34+$M$50+$M$77+$M$108+$M$126+#REF!) -> #REF! | R9: =M9/$M$22 -> 0.015581822
D10: 40 | E10: h | F10: 1 | G10: Advogado Sênior | H10: DNIT | I10: P8003 | J10: ='COMPOSIÇÃO HORA TÉCNICA'!$E$9 -> 54.21 | K10: K | L10: ='COMPOSIÇÃO HORA TÉCNICA'!$F$9 -> 128.42 | M10: =ROUND(D10*F10*L10,2) -> 5136.8
D11: 40 | E11: h | F11: 2 | G11: Técnico de Nível Superior | H11: URBEL | I11: 31.40.32 | J11: ='COMPOSIÇÃO HORA TÉCNICA'!$E$8 -> 31.83 | K11: K | L11: ='COMPOSIÇÃO HORA TÉCNICA'!$F$8 -> 75.41 | M11: =ROUND(D11*F11*L11,2) -> 6032.8 | Q11: =M11/($M$22+$M$27+$M$34+$M$50+$M$77+$M$108+$M$126+#REF!) -> #REF! | R11: =M11/$M$22 -> 0.060249976
C12: Trabalho Técnico Social | D12: 30 | E12: h | F12: 1 | G12: Técnico de Nível Superior | H12: URBEL | I12: 31.40.32 | J12: ='COMPOSIÇÃO HORA TÉCNICA'!$E$8 -> 31.83 | K12: K | L12: ='COMPOSIÇÃO HORA TÉCNICA'!$F$8 -> 75.41 | M12: =ROUND(D12*F12*L12,2) -> 2262.3 | Q12: =M12/($M$22+$M$27+$M$34+$M$50+$M$77+$M$108+$M$126+#REF!) -> #REF! | R12: =M12/$M$22 -> 0.022593741
B13: Plano de Mobilização, Organização e Capacitação Social | C13: Plano de Mobilização, Organização e Capacitação Social | D13: 60 | E13: h | F13: 1 | G13: Advogado Sênior | H13: DNIT | I13: P8003 | J13: ='COMPOSIÇÃO HORA TÉCNICA'!$E$9 -> 54.21 | K13: K | L13: ='COMPOSIÇÃO HORA TÉCNICA'!$F$9 -> 128.42 | M13: =ROUND(D13*F13*L13,2) -> 7705.2 | N13: =SUM(M13:M15) -> 14492.1 | O13: ='DESPESAS COMPLEMENTARES'!M17 -> 5300.99 | P13: =ROUND(N13+O13,2) -> 19793.09
D14: 60 | E14: h | F14: 1 | G14: Técnico de Nível Superior | H14: URBEL | I14: 31.40.32 | J14: ='COMPOSIÇÃO HORA TÉCNICA'!$E$8 -> 31.83 | K14: K | L14: ='COMPOSIÇÃO HORA TÉCNICA'!$F$8 -> 75.41 | M14: =ROUND(D14*F14*L14,2) -> 4524.6 | Q14: =M14/($M$22+$M$27+$M$34+$M$50+$M$77+$M$108+$M$126+#REF!) -> #REF! | R14: =M14/$M$22 -> 0.045187482
C15: Trabalho Técnico Social | D15: 30 | E15: h | F15: 1 | G15: Técnico de Nível Superior | H15: URBEL | I15: 31.40.32 | J15: ='COMPOSIÇÃO HORA TÉCNICA'!$E$8 -> 31.83 | K15: K | L15: ='COMPOSIÇÃO HORA TÉCNICA'!$F$8 -> 75.41 | M15: =ROUND(D15*F15*L15,2) -> 2262.3 | Q15: =M15/($M$22+$M$27+$M$34+$M$50+$M$77+$M$108+$M$126+#REF!) -> #REF! | R15: =M15/$M$22 -> 0.022593741
B16: Relatório de Pesquisa Dominial e Cartorária | C16: Pesquisa Cartorária | D16: 150 | E16: h | F16: 1 | G16: Advogado Sênior | H16: DNIT | I16: P8003 | J16: ='COMPOSIÇÃO HORA TÉCNICA'!$E$9 -> 54.21 | K16: K | L16: ='COMPOSIÇÃO HORA TÉCNICA'!$F$9 -> 128.42 | M16: =ROUND(D16*F16*L16,2) -> 19263 | N16: =SUM(M16:M21) -> 57008.4 | O16: ='DESPESAS COMPLEMENTARES'!M30 -> 4269.63 | P16: =ROUND(N16+O16,2) -> 61278.03
D17: 80 | E17: h | F17: 1 | G17: Técnico de Nível Superior | H17: URBEL | I17: 31.40.32 | J17: ='COMPOSIÇÃO HORA TÉCNICA'!$E$8 -> 31.83 | K17: K | L17: ='COMPOSIÇÃO HORA TÉCNICA'!$F$8 -> 75.41 | M17: =ROUND(D17*F17*L17,2) -> 6032.8 | Q17: =M17/($M$22+$M$27+$M$34+$M$50+$M$77+$M$108+$M$126+#REF!) -> #REF! | R17: =M17/$M$22 -> 0.060249976
C18: Quadro dominial | D18: 60 | E18: h | F18: 1 | G18: Arquiteto Júnior | H18: SINAPI | I18: 33939 | J18: ='COMPOSIÇÃO HORA TÉCNICA'!$E$6 -> 60.54 | K18: K | L18: ='COMPOSIÇÃO HORA TÉCNICA'!F6 -> 143.42 | M18: =ROUND(D18*F18*L18,2) -> 8605.2 | Q18: =M18/($M$22+$M$27+$M$34+$M$50+$M$77+$M$108+$M$126+#REF!) -> #REF! | R18: =M18/$M$22 -> 0.085940707
D19: 30 | E19: h | F19: 1 | G19: Arquiteto Sênior | H19: SINAPI | I19: 33953 | J19: ='COMPOSIÇÃO HORA TÉCNICA'!$E$7 -> 65.86 | K19: K | L19: ='COMPOSIÇÃO HORA TÉCNICA'!$F$7 -> 156.02 | M19: =ROUND(D19*F19*L19,2) -> 4680.6 | Q19: =M19/($M$22+$M$27+$M$34+$M$50+$M$77+$M$108+$M$126+#REF!) -> #REF! | R19: =M19/$M$22 -> 0.046745465
D20: 120 | E20: h | F20: 1 | G20: Advogado Sênior | H20: DNIT | I20: P8003 | J20: ='COMPOSIÇÃO HORA TÉCNICA'!$E$9 -> 54.21 | K20: K | L20: ='COMPOSIÇÃO HORA TÉCNICA'!$F$9 -> 128.42 | M20: =ROUND(D20*F20*L20,2) -> 15410.4
D21: 40 | E21: h | F21: 1 | G21: Técnico de Nível Superior | H21: URBEL | I21: 31.40.32 | J21: ='COMPOSIÇÃO HORA TÉCNICA'!$E$8 -> 31.83 | K21: K | L21: ='COMPOSIÇÃO HORA TÉCNICA'!$F$8 -> 75.41 | M21: =ROUND(D21*F21*L21,2) -> 3016.4 | Q21: =M21/($M$22+$M$27+$M$34+$M$50+$M$77+$M$108+$M$126+#REF!) -> #REF! | R21: =M21/$M$22 -> 0.030124988
M22: =SUM(M4:M21) -> 100129.5
A23: ATUALIZAÇÃO DA BASE CARTOGRÁFICA | B23: Levantamento Planialtimétrico Cadastral | C23: Levantamento Planialtimétrico Cadastral | D23: 453749 | E23: m² | F23: - | G23: - | H23: URBEL | I23: 18.17.01 | J23: 2.26 | K23: TRDE | L23: =ROUND(J23*'COMPOSIÇÃO HORA TÉCNICA'!C15,2) -> 2.84 | M23: =ROUND(D23*L23,2) -> 1288647.2 | N23: =SUM(M23:M23) -> 1288647.2 | O23: 0 | P23: =ROUND(N23+O23,2) -> 1288647.2 | Q23: =M23/($M$22+$M$27+$M$34+$M$50+$M$77+$M$108+$M$126+#REF!) -> #REF! | R23: =M23/$M$27 -> 0.95168988
B24: Relatório da Base Cartográfica Atualizada | C24: Atualização de Base | D24: 150 | E24: h | F24: 2 | G24: Arquiteto Júnior | H24: SINAPI | I24: 33939 | J24: ='COMPOSIÇÃO HORA TÉCNICA'!$E$6 -> 60.54 | K24: K | L24: ='COMPOSIÇÃO HORA TÉCNICA'!F6 -> 143.42 | M24: =ROUND(D24*F24*L24,2) -> 43026 | N24: =SUM(M24:M26) -> 65414.9 | O24: ='DESPESAS COMPLEMENTARES'!M39 -> 22854.73 | P24: =ROUND(N24+O24,2) -> 88269.63 | Q24: =M24/($M$22+$M$27+$M$34+$M$50+$M$77+$M$108+$M$126+#REF!) -> #REF! | R24: =M24/$M$27 -> 0.031775501
D25: 100 | E25: h | F25: 1 | G25: Arquiteto Sênior | H25: SINAPI | I25: 33953 | J25: ='COMPOSIÇÃO HORA TÉCNICA'!$E$7 -> 65.86 | K25: K | L25: ='COMPOSIÇÃO HORA TÉCNICA'!$F$7 -> 156.02 | M25: =ROUND(D25*F25*L25,2) -> 15602 | Q25: =M25/($M$22+$M$27+$M$34+$M$50+$M$77+$M$108+$M$126+#REF!) -> #REF! | R25: =M25/$M$22 -> 0.15581822
C26: Trabalho Técnico Social | D26: 90 | E26: h | F26: 1 | G26: Técnico de Nível Superior | H26: URBEL | I26: 31.40.32 | J26: ='COMPOSIÇÃO HORA TÉCNICA'!$E$8 -> 31.83 | K26: K | L26: ='COMPOSIÇÃO HORA TÉCNICA'!$F$8 -> 75.41 | M26: =ROUND(D26*F26*L26,2) -> 6786.9 | Q26: =M26/($M$22+$M$27+$M$34+$M$50+$M$77+$M$108+$M$126+#REF!) -> #REF! | R26: =M26/$M$27 -> 0.0050122518
M27: =SUM(M23:M26) -> 1354062.1
A28: SELAGEM E CADASTRO SOCIOECONÔMICO E FUNDIÁRIO | B28: Relatório da fase de Selagem e Cadastro Socioeconômico e Fundiário, incluindo como anexo o arquivo digital do Banco de Dados Preliminar e os prontuários separados por selo | C28: Contagem de Domicílio e Selagem | D28: 300 | E28: h | F28: 3 | G28: Arquiteto Júnior | H28: SINAPI | I28: 33939 | J28: ='COMPOSIÇÃO HORA TÉCNICA'!$E$6 -> 60.54 | K28: K | L28: ='COMPOSIÇÃO HORA TÉCNICA'!F6 -> 143.42 | M28: =ROUND(D28*F28*L28,2) -> 129078 | N28: =SUM(M28:M33) -> 393038.9 | O28: ='DESPESAS COMPLEMENTARES'!M52 -> 19998.77 | P28: =ROUND(N28+O28,2) -> 413037.67 | Q28: =M28/($M$22+$M$27+$M$34+$M$50+$M$77+$M$108+$M$126+#REF!) -> #REF! | R28: =M28/$M$34 -> 0.32841024
D29: 150 | E29: h | F29: 1 | G29: Arquiteto Sênior | H29: SINAPI | I29: 33953 | J29: ='COMPOSIÇÃO HORA TÉCNICA'!$E$7 -> 65.86 | K29: K | L29: ='COMPOSIÇÃO HORA TÉCNICA'!$F$7 -> 156.02 | M29: =ROUND(D29*F29*L29,2) -> 23403 | Q29: =M29/($M$22+$M$27+$M$34+$M$50+$M$77+$M$108+$M$126+#REF!) -> #REF! | R29: =M29/$M$22 -> 0.23372732
D30: 300 | E30: h | F30: 4 | G30: Técnico de Nível Superior | H30: URBEL | I30: 31.40.32 | J30: ='COMPOSIÇÃO HORA TÉCNICA'!$E$8 -> 31.83 | K30: K | L30: ='COMPOSIÇÃO HORA TÉCNICA'!$F$8 -> 75.41 | M30: =ROUND(D30*F30*L30,2) -> 90492 | Q30: =M30/($M$22+$M$27+$M$34+$M$50+$M$77+$M$108+$M$126+#REF!) -> #REF! | R30: =M30/$M$34 -> 0.23023675
C31: Aplicação de Cadastro | D31: 450 | E31: h | F31: 4 | G31: Técnico de Nível Superior | H31: URBEL | I31: 31.40.32 | J31: ='COMPOSIÇÃO HORA TÉCNICA'!$E$8 -> 31.83 | K31: K | L31: ='COMPOSIÇÃO HORA TÉCNICA'!$F$8 -> 75.41 | M31: =ROUND(D31*F31*L31,2) -> 135738 | Q31: =M31/($M$22+$M$27+$M$34+$M$50+$M$77+$M$108+$M$126+#REF!) -> #REF! | R31: =M31/$M$34 -> 0.34535513
C32: Montagem de Banco de Dados | D32: 60 | E32: h | F32: 2 | G32: Técnico de Nível Superior | H32: URBEL | I32: 31.40.32 | J32: ='COMPOSIÇÃO HORA TÉCNICA'!$E$8 -> 31.83 | K32: K | L32: ='COMPOSIÇÃO HORA TÉCNICA'!$F$8 -> 75.41 | M32: =ROUND(D32*F32*L32,2) -> 9049.2 | Q32: =M32/($M$22+$M$27+$M$34+$M$50+$M$77+$M$108+$M$126+#REF!) -> #REF! | R32: =M32/$M$34 -> 0.023023675
C33: Trabalho Técnico Social | D33: 70 | E33: h | F33: 1 | G33: Técnico de Nível Superior | H33: URBEL | I33: 31.40.32 | J33: ='COMPOSIÇÃO HORA TÉCNICA'!$E$8 -> 31.83 | K33: K | L33: ='COMPOSIÇÃO HORA TÉCNICA'!$F$8 -> 75.41 | M33: =ROUND(D33*F33*L33,2) -> 5278.7 | Q33: =M33/($M$22+$M$27+$M$34+$M$50+$M$77+$M$108+$M$126+#REF!) -> #REF! | R33: =M33/$M$34 -> 0.013430477
M34: =SUM(M28:M33) -> 393038.9
A35: DIAGNÓSTICO | B35: Diagnóstico Setorial Jurídico | C35: Jurídico | D35: 240 | E35: h | F35: 1 | G35: Advogado Sênior | H35: DNIT | I35: P8003 | J35: ='COMPOSIÇÃO HORA TÉCNICA'!$E$9 -> 54.21 | K35: K | L35: ='COMPOSIÇÃO HORA TÉCNICA'!$F$9 -> 128.42 | M35: =ROUND(D35*F35*L35,2) -> 30820.8 | N35: =SUM(M35:M37) -> 47411 | O35: ='DESPESAS COMPLEMENTARES'!M66 -> 3084.51 | P35: =ROUND(N35+O35,2) -> 50495.51
D36: 180 | E36: h | F36: 1 | G36: Técnico de Nível Superior | H36: URBEL | I36: 31.40.32 | J36: ='COMPOSIÇÃO HORA TÉCNICA'!$E$8 -> 31.83 | K36: K | L36: ='COMPOSIÇÃO HORA TÉCNICA'!$F$8 -> 75.41 | M36: =ROUND(D36*F36*L36,2) -> 13573.8 | Q36: =M36/($M$22+$M$27+$M$34+$M$50+$M$77+$M$108+$M$126+#REF!) -> #REF! | R36: =M36/$M$50 -> 0.042734709
C37: Trabalho Técnico Social | D37: 40 | E37: h | F37: 1 | G37: Técnico de Nível Superior | H37: URBEL | I37: 31.40.32 | J37: ='COMPOSIÇÃO HORA TÉCNICA'!$E$8 -> 31.83 | K37: K | L37: ='COMPOSIÇÃO HORA TÉCNICA'!$F$8 -> 75.41 | M37: =ROUND(D37*F37*L37,2) -> 3016.4 | Q37: =M37/($M$22+$M$27+$M$34+$M$50+$M$77+$M$108+$M$126+#REF!) -> #REF! | R37: =M37/$M$50 -> 0.009496602
B38: Diagnóstico Setorial dos Aspectos Físico-Urbano-Ambientais | C38: Físico-Urbano-Ambiental | D38: 150 | E38: h | F38: 3 | G38: Arquiteto Júnior | H38: SINAPI | I38: 33939 | J38: ='COMPOSIÇÃO HORA TÉCNICA'!$E$6 -> 60.54 | K38: K | L38: ='COMPOSIÇÃO HORA TÉCNICA'!F6 -> 143.42 | M38: =ROUND(D38*F38*L38,2) -> 64539 | N38: =SUM(M38:M41) -> 154976.5 | O38: ='DESPESAS COMPLEMENTARES'!M72 -> 5679.17 | P38: =ROUND(N38+O38,2) -> 160655.67 | Q38: =M38/($M$22+$M$27+$M$34+$M$50+$M$77+$M$108+$M$126+#REF!) -> #REF! | R38: =M38/$M$50 -> 0.20318963
D39: 75 | E39: h | F39: 1 | G39: Arquiteto Sênior | H39: SINAPI | I39: 33953 | J39: ='COMPOSIÇÃO HORA TÉCNICA'!$E$7 -> 65.86 | K39: K | L39: ='COMPOSIÇÃO HORA TÉCNICA'!$F$7 -> 156.02 | M39: =ROUND(D39*F39*L39,2) -> 11701.5 | Q39: =M39/($M$22+$M$27+$M$34+$M$50+$M$77+$M$108+$M$126+#REF!) -> #REF! | R39: =M39/$M$22 -> 0.11686366
D40: 220 | E40: h | F40: 2 | G40: Engenheiro Intermediário | H40: SUDECAP | I40: 56.11.05 | J40: ='COMPOSIÇÃO HORA TÉCNICA'!$E$5 -> 72.64 | K40: K | L40: ='COMPOSIÇÃO HORA TÉCNICA'!F5 -> 172.09 | M40: =ROUND(D40*F40*L40,2) -> 75719.6 | Q40: =M40/($M$22+$M$27+$M$34+$M$50+$M$77+$M$108+$M$126+#REF!) -> #REF! | R40: =M40/$M$50 -> 0.23838977
C41: Trabalho Técnico Social | D41: 40 | E41: h | F41: 1 | G41: Técnico de Nível Superior | H41: URBEL | I41: 31.40.32 | J41: ='COMPOSIÇÃO HORA TÉCNICA'!$E$8 -> 31.83 | K41: K | L41: ='COMPOSIÇÃO HORA TÉCNICA'!$F$8 -> 75.41 | M41: =ROUND(D41*F41*L41,2) -> 3016.4 | Q41: =M41/($M$22+$M$27+$M$34+$M$50+$M$77+$M$108+$M$126+#REF!) -> #REF! | R41: =M41/$M$50 -> 0.009496602
B42: Diagnóstico Setorial dos Aspectos Socioeconômico Organizativos | C42: Socioeconômico-Organizativo | D42: 120 | E42: h | F42: 1 | G42: Técnico de Nível Superior | H42: URBEL | I42: 31.40.32 | J42: ='COMPOSIÇÃO HORA TÉCNICA'!$E$8 -> 31.83 | K42: K | L42: ='COMPOSIÇÃO HORA TÉCNICA'!$F$8 -> 75.41 | M42: =ROUND(D42*F42*L42,2) -> 9049.2 | N42: =SUM(M42:M43) -> 12065.6 | O42: ='DESPESAS COMPLEMENTARES'!M80 -> 3825.11 | P42: =ROUND(N42+O42,2) -> 15890.71 | Q42: =M42/($M$22+$M$27+$M$34+$M$50+$M$77+$M$108+$M$126+#REF!) -> #REF! | R42: =M42/$M$50 -> 0.028489806
C43: Trabalho Técnico Social | D43: 40 | E43: h | F43: 1 | G43: Técnico de Nível Superior | H43: URBEL | I43: 31.40.32 | J43: ='COMPOSIÇÃO HORA TÉCNICA'!$E$8 -> 31.83 | K43: K | L43: ='COMPOSIÇÃO HORA TÉCNICA'!$F$8 -> 75.41 | M43: =ROUND(D43*F43*L43,2) -> 3016.4 | Q43: =M43/($M$22+$M$27+$M$34+$M$50+$M$77+$M$108+$M$126+#REF!) -> #REF! | R43: =M43/$M$50 -> 0.009496602
B44: Diagnóstico Integrado | C44: Integrado | D44: 150 | E44: h | F44: 1 | G44: Arquiteto Júnior | H44: SINAPI | I44: 33939 | J44: ='COMPOSIÇÃO HORA TÉCNICA'!$E$6 -> 60.54 | K44: K | L44: ='COMPOSIÇÃO HORA TÉCNICA'!F6 -> 143.42 | M44: =ROUND(D44*F44*L44,2) -> 21513 | N44: =SUM(M44:M49) -> 103176.3 | O44: ='DESPESAS COMPLEMENTARES'!M89 -> 4961.53 | P44: =ROUND(N44+O44,2) -> 108137.83 | Q44: =M44/($M$22+$M$27+$M$34+$M$50+$M$77+$M$108+$M$126+#REF!) -> #REF! | R44: =M44/$M$50 -> 0.067729876
D45: 75 | E45: h | F45: 1 | G45: Arquiteto Sênior | H45: SINAPI | I45: 33953 | J45: ='COMPOSIÇÃO HORA TÉCNICA'!$E$7 -> 65.86 | K45: K | L45: ='COMPOSIÇÃO HORA TÉCNICA'!$F$7 -> 156.02 | M45: =ROUND(D45*F45*L45,2) -> 11701.5 | Q45: =M45/($M$22+$M$27+$M$34+$M$50+$M$77+$M$108+$M$126+#REF!) -> #REF! | R45: =M45/$M$22 -> 0.11686366
D46: 150 | E46: h | F46: 1 | G46: Advogado Sênior | H46: DNIT | I46: P8003 | J46: ='COMPOSIÇÃO HORA TÉCNICA'!$E$9 -> 54.21 | K46: K | L46: ='COMPOSIÇÃO HORA TÉCNICA'!$F$9 -> 128.42 | M46: =ROUND(D46*F46*L46,2) -> 19263
D47: 150 | E47: h | F47: 2 | G47: Técnico de Nível Superior | H47: URBEL | I47: 31.40.32 | J47: ='COMPOSIÇÃO HORA TÉCNICA'!$E$8 -> 31.83 | K47: K | L47: ='COMPOSIÇÃO HORA TÉCNICA'!$F$8 -> 75.41 | M47: =ROUND(D47*F47*L47,2) -> 22623 | Q47: =M47/($M$22+$M$27+$M$34+$M$50+$M$77+$M$108+$M$126+#REF!) -> #REF! | R47: =M47/$M$50 -> 0.071224515
D48: 150 | E48: h | F48: 1 | G48: Engenheiro Intermediário | H48: SUDECAP | I48: 56.11.05 | J48: ='COMPOSIÇÃO HORA TÉCNICA'!$E$5 -> 72.64 | K48: K | L48: ='COMPOSIÇÃO HORA TÉCNICA'!F5 -> 172.09 | M48: =ROUND(D48*F48*L48,2) -> 25813.5 | Q48: =M48/($M$22+$M$27+$M$34+$M$50+$M$77+$M$108+$M$126+#REF!) -> #REF! | R48: =M48/$M$50 -> 0.08126924
C49: Trabalho Técnico Social | D49: 30 | E49: h | F49: 1 | G49: Técnico de Nível Superior | H49: URBEL | I49: 31.40.32 | J49: ='COMPOSIÇÃO HORA TÉCNICA'!$E$8 -> 31.83 | K49: K | L49: ='COMPOSIÇÃO HORA TÉCNICA'!$F$8 -> 75.41 | M49: =ROUND(D49*F49*L49,2) -> 2262.3 | Q49: =M49/($M$22+$M$27+$M$34+$M$50+$M$77+$M$108+$M$126+#REF!) -> #REF! | R49: =M49/$M$50 -> 0.0071224515
M50: =SUM(M35:M49) -> 317629.4
A51: PROPOSTAS DE SOLUÇÃO DE DESCONFORMIDADES | B51: Relatório de Cenário de Intervenção Integrada | C51: Estudo de Cenário de Intervenção Integrada | D51: 80 | E51: h | F51: 1 | G51: Arquiteto Júnior | H51: SINAPI | I51: 33939 | J51: ='COMPOSIÇÃO HORA TÉCNICA'!$E$6 -> 60.54 | K51: K | L51: ='COMPOSIÇÃO HORA TÉCNICA'!F6 -> 143.42 | M51: =ROUND(D51*F51*L51,2) -> 11473.6 | N51: =SUM(M51:M56) -> 43830.7 | O51: ='DESPESAS COMPLEMENTARES'!M100 -> 3065.42 | P51: =ROUND(N51+O51,2) -> 46896.12 | Q51: =M51/($M$22+$M$27+$M$34+$M$50+$M$77+$M$108+$M$126+#REF!) -> #REF! | R51: =M51/$M$77 -> 0.028964192
D52: 40 | E52: h | F52: 1 | G52: Arquiteto Sênior | H52: SINAPI | I52: 33953 | J52: ='COMPOSIÇÃO HORA TÉCNICA'!$E$7 -> 65.86 | K52: K | L52: ='COMPOSIÇÃO HORA TÉCNICA'!$F$7 -> 156.02 | M52: =ROUND(D52*F52*L52,2) -> 6240.8 | Q52: =M52/($M$22+$M$27+$M$34+$M$50+$M$77+$M$108+$M$126+#REF!) -> #REF! | R52: =M52/$M$22 -> 0.062327286
D53: 40 | E53: h | F53: 1 | G53: Advogado Sênior | H53: DNIT | I53: P8003 | J53: ='COMPOSIÇÃO HORA TÉCNICA'!$E$9 -> 54.21 | K53: K | L53: ='COMPOSIÇÃO HORA TÉCNICA'!$F$9 -> 128.42 | M53: =ROUND(D53*F53*L53,2) -> 5136.8
D54: 20 | E54: h | F54: 1 | G54: Técnico de Nível Superior | H54: URBEL | I54: 31.40.32 | J54: ='COMPOSIÇÃO HORA TÉCNICA'!$E$8 -> 31.83 | K54: K | L54: ='COMPOSIÇÃO HORA TÉCNICA'!$F$8 -> 75.41 | M54: =ROUND(D54*F54*L54,2) -> 1508.2 | Q54: =M54/($M$22+$M$27+$M$34+$M$50+$M$77+$M$108+$M$126+#REF!) -> #REF! | R54: =M54/$M$77 -> 0.0038073312
D55: 100 | E55: h | F55: 1 | G55: Engenheiro Intermediário | H55: SUDECAP | I55: 56.11.05 | J55: ='COMPOSIÇÃO HORA TÉCNICA'!$E$5 -> 72.64 | K55: K | L55: ='COMPOSIÇÃO HORA TÉCNICA'!F5 -> 172.09 | M55: =ROUND(D55*F55*L55,2) -> 17209 | Q55: =M55/($M$22+$M$27+$M$34+$M$50+$M$77+$M$108+$M$126+#REF!) -> #REF! | R55: =M55/$M$77 -> 0.043442754
C56: Trabalho Técnico Social | D56: 30 | E56: h | F56: 1 | G56: Técnico de Nível Superior | H56: URBEL | I56: 31.40.32 | J56: ='COMPOSIÇÃO HORA TÉCNICA'!$E$8 -> 31.83 | K56: K | L56: ='COMPOSIÇÃO HORA TÉCNICA'!$F$8 -> 75.41 | M56: =ROUND(D56*F56*L56,2) -> 2262.3 | Q56: =M56/($M$22+$M$27+$M$34+$M$50+$M$77+$M$108+$M$126+#REF!) -> #REF! | R56: =M56/$M$50 -> 0.0071224515
B57: Propostas de Intervenção Físico-Urbano-Ambientais | C57: Propostas de Intervenção Físico-Urbano-Ambiental | D57: 240 | E57: h | F57: 2 | G57: Arquiteto Júnior | H57: SINAPI | I57: 33939 | J57: ='COMPOSIÇÃO HORA TÉCNICA'!$E$6 -> 60.54 | K57: K | L57: ='COMPOSIÇÃO HORA TÉCNICA'!F6 -> 143.42 | M57: =ROUND(D57*F57*L57,2) -> 68841.6 | N57: =SUM(M57:M63) -> 175229.9 | O57: ='DESPESAS COMPLEMENTARES'!M109 -> 4581.01 | P57: =ROUND(N57+O57,2) -> 179810.91 | Q57: =M57/($M$22+$M$27+$M$34+$M$50+$M$77+$M$108+$M$126+#REF!) -> #REF! | R57: =M57/$M$77 -> 0.17378515
D58: 100 | E58: h | F58: 1 | G58: Arquiteto Sênior | H58: SINAPI | I58: 33953 | J58: ='COMPOSIÇÃO HORA TÉCNICA'!$E$7 -> 65.86 | K58: K | L58: ='COMPOSIÇÃO HORA TÉCNICA'!$F$7 -> 156.02 | M58: =ROUND(D58*F58*L58,2) -> 15602 | Q58: =M58/($M$22+$M$27+$M$34+$M$50+$M$77+$M$108+$M$126+#REF!) -> #REF! | R58: =M58/$M$22 -> 0.15581822
D59: 240 | E59: h | F59: 1 | G59: Engenheiro Intermediário | H59: SUDECAP | I59: 56.11.05 | J59: ='COMPOSIÇÃO HORA TÉCNICA'!$E$5 -> 72.64 | K59: K | L59: ='COMPOSIÇÃO HORA TÉCNICA'!F5 -> 172.09 | M59: =ROUND(D59*F59*L59,2) -> 41301.6 | Q59: =M59/($M$22+$M$27+$M$34+$M$50+$M$77+$M$108+$M$126+#REF!) -> #REF! | R59: =M59/$M$77 -> 0.10426261
C60: Plano de Intervenção Integrada | D60: 120 | E60: h | F60: 1 | G60: Engenheiro Intermediário | H60: SUDECAP | I60: 56.11.05 | J60: ='COMPOSIÇÃO HORA TÉCNICA'!$E$5 -> 72.64 | K60: K | L60: ='COMPOSIÇÃO HORA TÉCNICA'!F5 -> 172.09 | M60: =ROUND(D60*F60*L60,2) -> 20650.8 | Q60: =M60/($M$22+$M$27+$M$34+$M$50+$M$77+$M$108+$M$126+#REF!) -> #REF! | R60: =M60/$M$77 -> 0.052131305
D61: 60 | E61: h | F61: 1 | G61: Arquiteto Sênior | H61: SINAPI | I61: 33953 | J61: ='COMPOSIÇÃO HORA TÉCNICA'!$E$7 -> 65.86 | K61: K | L61: ='COMPOSIÇÃO HORA TÉCNICA'!$F$7 -> 156.02 | M61: =ROUND(D61*F61*L61,2) -> 9361.2 | Q61: =M61/($M$22+$M$27+$M$34+$M$50+$M$77+$M$108+$M$126+#REF!) -> #REF! | R61: =M61/$M$22 -> 0.093490929
D62: 120 | E62: h | F62: 1 | G62: Arquiteto Júnior | H62: SINAPI | I62: 33939 | J62: ='COMPOSIÇÃO HORA TÉCNICA'!$E$6 -> 60.54 | K62: K | L62: ='COMPOSIÇÃO HORA TÉCNICA'!F6 -> 143.42 | M62: =ROUND(D62*F62*L62,2) -> 17210.4 | Q62: =M62/($M$22+$M$27+$M$34+$M$50+$M$77+$M$108+$M$126+#REF!) -> #REF! | R62: =M62/$M$77 -> 0.043446289
C63: Trabalho Técnico Social | D63: 30 | E63: h | F63: 1 | G63: Técnico de Nível Superior | H63: URBEL | I63: 31.40.32 | J63: ='COMPOSIÇÃO HORA TÉCNICA'!$E$8 -> 31.83 | K63: K | L63: ='COMPOSIÇÃO HORA TÉCNICA'!$F$8 -> 75.41 | M63: =ROUND(D63*F63*L63,2) -> 2262.3 | Q63: =M63/($M$22+$M$27+$M$34+$M$50+$M$77+$M$108+$M$126+#REF!) -> #REF! | R63: =M63/$M$50 -> 0.0071224515
B64: Propostas de Intervenção Socioeconômico-Organizativas | C64: Propostas de Intervenção Socioeconômica-Organizativas | D64: 80 | E64: h | F64: 1 | G64: Técnico de Nível Superior | H64: URBEL | I64: 31.40.32 | J64: ='COMPOSIÇÃO HORA TÉCNICA'!$E$8 -> 31.83 | K64: K | L64: ='COMPOSIÇÃO HORA TÉCNICA'!$F$8 -> 75.41 | M64: =ROUND(D64*F64*L64,2) -> 6032.8 | N64: =SUM(M64:M65) -> 9803.3 | O64: ='DESPESAS COMPLEMENTARES'!M118 -> 2174.14 | P64: =ROUND(N64+O64,2) -> 11977.44 | Q64: =M64/($M$22+$M$27+$M$34+$M$50+$M$77+$M$108+$M$126+#REF!) -> #REF! | R64: =M64/$M$77 -> 0.015229325
C65: Trabalho Técnico Social | D65: 50 | E65: h | F65: 1 | G65: Técnico de Nível Superior | H65: URBEL | I65: 31.40.32 | J65: ='COMPOSIÇÃO HORA TÉCNICA'!$E$8 -> 31.83 | K65: K | L65: ='COMPOSIÇÃO HORA TÉCNICA'!$F$8 -> 75.41 | M65: =ROUND(D65*F65*L65,2) -> 3770.5 | Q65: =M65/($M$22+$M$27+$M$34+$M$50+$M$77+$M$108+$M$126+#REF!) -> #REF! | R65: =M65/$M$50 -> 0.011870753
B66: Propostas de Intervenção Jurídico-Legais | C66: Propostas de Intervenção Jurídico-Legais | D66: 150 | E66: h | F66: 1 | G66: Advogado Sênior | H66: DNIT | I66: P8003 | J66: ='COMPOSIÇÃO HORA TÉCNICA'!$E$9 -> 54.21 | K66: K | L66: ='COMPOSIÇÃO HORA TÉCNICA'!$F$9 -> 128.42 | M66: =ROUND(D66*F66*L66,2) -> 19263 | N66: =SUM(M66:M71) -> 48899.2 | O66: ='DESPESAS COMPLEMENTARES'!M123 -> 2114.5 | P66: =ROUND(N66+O66,2) -> 51013.7
D67: 80 | E67: h | F67: 1 | G67: Técnico de Nível Superior | H67: URBEL | I67: 31.40.32 | J67: ='COMPOSIÇÃO HORA TÉCNICA'!$E$8 -> 31.83 | K67: K | L67: ='COMPOSIÇÃO HORA TÉCNICA'!$F$8 -> 75.41 | M67: =ROUND(D67*F67*L67,2) -> 6032.8 | Q67: =M67/($M$22+$M$27+$M$34+$M$50+$M$77+$M$108+$M$126+#REF!) -> #REF! | R67: =M67/$M$77 -> 0.015229325
C68: Plano de Regularização Fundiária | D68: 20 | E68: h | F68: 2 | G68: Arquiteto Júnior | H68: SINAPI | I68: 33939 | J68: ='COMPOSIÇÃO HORA TÉCNICA'!$E$6 -> 60.54 | K68: K | L68: ='COMPOSIÇÃO HORA TÉCNICA'!F6 -> 143.42 | M68: =ROUND(D68*F68*L68,2) -> 5736.8 | Q68: =M68/($M$22+$M$27+$M$34+$M$50+$M$77+$M$108+$M$126+#REF!) -> #REF! | R68: =M68/$M$77 -> 0.014482096
D69: 10 | E69: h | F69: 1 | G69: Arquiteto Sênior | H69: SINAPI | I69: 33953 | J69: ='COMPOSIÇÃO HORA TÉCNICA'!$E$7 -> 65.86 | K69: K | L69: ='COMPOSIÇÃO HORA TÉCNICA'!$F$7 -> 156.02 | M69: =ROUND(D69*F69*L69,2) -> 1560.2 | Q69: =M69/($M$22+$M$27+$M$34+$M$50+$M$77+$M$108+$M$126+#REF!) -> #REF! | R69: =M69/$M$22 -> 0.015581822
D70: 80 | E70: h | F70: 1 | G70: Advogado Sênior | H70: DNIT | I70: P8003 | J70: ='COMPOSIÇÃO HORA TÉCNICA'!$E$9 -> 54.21 | K70: K | L70: ='COMPOSIÇÃO HORA TÉCNICA'!$F$9 -> 128.42 | M70: =ROUND(D70*F70*L70,2) -> 10273.6
D71: 80 | E71: h | F71: 1 | G71: Técnico de Nível Superior | H71: URBEL | I71: 31.40.32 | J71: ='COMPOSIÇÃO HORA TÉCNICA'!$E$8 -> 31.83 | K71: K | L71: ='COMPOSIÇÃO HORA TÉCNICA'!$F$8 -> 75.41 | M71: =ROUND(D71*F71*L71,2) -> 6032.8 | Q71: =M71/($M$22+$M$27+$M$34+$M$50+$M$77+$M$108+$M$126+#REF!) -> #REF! | R71: =M71/$M$77 -> 0.015229325
B72: Estimativas de Custos de Urbanização | C72: Estimativa de custos de Urbanização | D72: 240 | E72: h | F72: 1 | G72: Engenheiro Intermediário | H72: SUDECAP | I72: 56.11.05 | J72: ='COMPOSIÇÃO HORA TÉCNICA'!$E$5 -> 72.64 | K72: K | L72: ='COMPOSIÇÃO HORA TÉCNICA'!F5 -> 172.09 | M72: =ROUND(D72*F72*L72,2) -> 41301.6 | N72: =SUM(M72) -> 41301.6 | O72: ='DESPESAS COMPLEMENTARES'!M128 -> 2142.74 | P72: =ROUND(N72+O72,2) -> 43444.34 | Q72: =M72/($M$22+$M$27+$M$34+$M$50+$M$77+$M$108+$M$126+#REF!) -> #REF! | R72: =M72/$M$77 -> 0.10426261
B73: Hierarquização de Ações e Obras | C73: Hierarquização de Ações e Obras | D73: 200 | E73: h | F73: 1 | G73: Arquiteto Júnior | H73: SINAPI | I73: 33939 | J73: ='COMPOSIÇÃO HORA TÉCNICA'!$E$6 -> 60.54 | K73: K | L73: ='COMPOSIÇÃO HORA TÉCNICA'!F6 -> 143.42 | M73: =ROUND(D73*F73*L73,2) -> 28684 | N73: =SUM(M73:M76) -> 77065.8 | O73: ='DESPESAS COMPLEMENTARES'!M133 -> 3633.64 | P73: =ROUND(N73+O73,2) -> 80699.44 | Q73: =M73/($M$22+$M$27+$M$34+$M$50+$M$77+$M$108+$M$126+#REF!) -> #REF! | R73: =M73/$M$77 -> 0.072410481
D74: 75 | E74: h | F74: 1 | G74: Arquiteto Sênior | H74: SINAPI | I74: 33953 | J74: ='COMPOSIÇÃO HORA TÉCNICA'!$E$7 -> 65.86 | K74: K | L74: ='COMPOSIÇÃO HORA TÉCNICA'!$F$7 -> 156.02 | M74: =ROUND(D74*F74*L74,2) -> 11701.5 | Q74: =M74/($M$22+$M$27+$M$34+$M$50+$M$77+$M$108+$M$126+#REF!) -> #REF! | R74: =M74/$M$22 -> 0.11686366
D75: 200 | E75: h | F75: 1 | G75: Engenheiro Intermediário | H75: SUDECAP | I75: 56.11.05 | J75: ='COMPOSIÇÃO HORA TÉCNICA'!$E$5 -> 72.64 | K75: K | L75: ='COMPOSIÇÃO HORA TÉCNICA'!F5 -> 172.09 | M75: =ROUND(D75*F75*L75,2) -> 34418 | Q75: =M75/($M$22+$M$27+$M$34+$M$50+$M$77+$M$108+$M$126+#REF!) -> #REF! | R75: =M75/$M$77 -> 0.086885509
C76: Trabalho Técnico Social | D76: 30 | E76: h | F76: 1 | G76: Técnico de Nível Superior | H76: URBEL | I76: 31.40.32 | J76: ='COMPOSIÇÃO HORA TÉCNICA'!$E$8 -> 31.83 | K76: K | L76: ='COMPOSIÇÃO HORA TÉCNICA'!$F$8 -> 75.41 | M76: =ROUND(D76*F76*L76,2) -> 2262.3 | Q76: =M76/($M$22+$M$27+$M$34+$M$50+$M$77+$M$108+$M$126+#REF!) -> #REF! | R76: =M76/$M$50 -> 0.0071224515
M77: =SUM(M51:M76) -> 396130.5
A78: ETAPA 02 – PROJETO DE REGULARIZAÇÃO FUNDIÁRIA SUSTENTÁVEL | R78: =M78/$M$108 -> 0
A79: REGULARIZAÇÃO FUNDIÁRIA URBANA REURB | B79: Relatório elucidativo dos procedimentos técnicos e administrativos referentes à Demarcação Urbanística | C79: Auto de Demarcação Urbanística | D79: 40 | E79: h | F79: 1 | G79: Arquiteto Júnior | H79: SINAPI | I79: 33939 | J79: ='COMPOSIÇÃO HORA TÉCNICA'!$E$6 -> 60.54 | K79: K | L79: ='COMPOSIÇÃO HORA TÉCNICA'!F6 -> 143.42 | M79: =ROUND(D79*F79*L79,2) -> 5736.8 | N79: =SUM(M79:M91) -> 96684.6 | O79: ='DESPESAS COMPLEMENTARES'!M145 -> 4881.53 | P79: =ROUND(N79+O79,2) -> 101566.13 | Q79: =M79/($M$22+$M$27+$M$34+$M$50+$M$77+$M$108+$M$126+#REF!) -> #REF! | R79: =M79/$M$108 -> 0.0096072641
D80: 20 | E80: h | F80: 1 | G80: Arquiteto Sênior | H80: SINAPI | I80: 33953 | J80: ='COMPOSIÇÃO HORA TÉCNICA'!$E$7 -> 65.86 | K80: K | L80: ='COMPOSIÇÃO HORA TÉCNICA'!$F$7 -> 156.02 | M80: =ROUND(D80*F80*L80,2) -> 3120.4 | Q80: =M80/($M$22+$M$27+$M$34+$M$50+$M$77+$M$108+$M$126+#REF!) -> #REF! | R80: =M80/$M$22 -> 0.031163643
D81: 60 | E81: h | F81: 1 | G81: Advogado Sênior | H81: DNIT | I81: P8003 | J81: ='COMPOSIÇÃO HORA TÉCNICA'!$E$9 -> 54.21 | K81: K | L81: ='COMPOSIÇÃO HORA TÉCNICA'!$F$9 -> 128.42 | M81: =ROUND(D81*F81*L81,2) -> 7705.2
D82: 40 | E82: h | F82: 1 | G82: Técnico de Nível Superior | H82: URBEL | I82: 31.40.32 | J82: ='COMPOSIÇÃO HORA TÉCNICA'!$E$8 -> 31.83 | K82: K | L82: ='COMPOSIÇÃO HORA TÉCNICA'!$F$8 -> 75.41 | M82: =ROUND(D82*F82*L82,2) -> 3016.4 | Q82: =M82/($M$22+$M$27+$M$34+$M$50+$M$77+$M$108+$M$126+#REF!) -> #REF! | R82: =M82/$M$108 -> 0.0050514836
C83: Notificações dos titulares de domínio e confrontantes | D83: 40 | E83: h | F83: 1 | G83: Arquiteto Júnior | H83: SINAPI | I83: 33939 | J83: ='COMPOSIÇÃO HORA TÉCNICA'!$E$6 -> 60.54 | K83: K | L83: ='COMPOSIÇÃO HORA TÉCNICA'!F6 -> 143.42 | M83: =ROUND(D83*F83*L83,2) -> 5736.8 | Q83: =M83/($M$22+$M$27+$M$34+$M$50+$M$77+$M$108+$M$126+#REF!) -> #REF! | R83: =M83/$M$108 -> 0.0096072641
D84: 20 | E84: h | F84: 1 | G84: Arquiteto Sênior | H84: SINAPI | I84: 33953 | J84: ='COMPOSIÇÃO HORA TÉCNICA'!$E$7 -> 65.86 | K84: K | L84: ='COMPOSIÇÃO HORA TÉCNICA'!$F$7 -> 156.02 | M84: =ROUND(D84*F84*L84,2) -> 3120.4 | Q84: =M84/($M$22+$M$27+$M$34+$M$50+$M$77+$M$108+$M$126+#REF!) -> #REF! | R84: =M84/$M$22 -> 0.031163643
D85: 300 | E85: h | F85: 1 | G85: Advogado Sênior | H85: DNIT | I85: P8003 | J85: ='COMPOSIÇÃO HORA TÉCNICA'!$E$9 -> 54.21 | K85: K | L85: ='COMPOSIÇÃO HORA TÉCNICA'!$F$9 -> 128.42 | M85: =ROUND(D85*F85*L85,2) -> 38526
D86: 40 | E86: h | F86: 1 | G86: Técnico de Nível Superior | H86: URBEL | I86: 31.40.32 | J86: ='COMPOSIÇÃO HORA TÉCNICA'!$E$8 -> 31.83 | K86: K | L86: ='COMPOSIÇÃO HORA TÉCNICA'!$F$8 -> 75.41 | M86: =ROUND(D86*F86*L86,2) -> 3016.4 | Q86: =M86/($M$22+$M$27+$M$34+$M$50+$M$77+$M$108+$M$126+#REF!) -> #REF! | R86: =M86/$M$108 -> 0.0050514836
D87: 50 | E87: unidades | F87: - | G87: AR | H87: CORREIOS | I87: AR | J87: 21.35 | K87: TRDE | L87: =ROUND(J87*$L$129,2) -> 26.81 | M87: =ROUND(D87*L87,2) -> 1340.5 | Q87: =M87/($M$22+$M$27+$M$34+$M$50+$M$77+$M$108+$M$126+#REF!) -> #REF! | R87: =M87/$M$108 -> 0.0022448992
C88: Lavratura dos autos e averbação | D88: 40 | E88: h | F88: 1 | G88: Arquiteto Júnior | H88: SINAPI | I88: 33939 | J88: ='COMPOSIÇÃO HORA TÉCNICA'!$E$6 -> 60.54 | K88: K | L88: ='COMPOSIÇÃO HORA TÉCNICA'!F6 -> 143.42 | M88: =ROUND(D88*F88*L88,2) -> 5736.8 | Q88: =M88/($M$22+$M$27+$M$34+$M$50+$M$77+$M$108+$M$126+#REF!) -> #REF! | R88: =M88/$M$108 -> 0.0096072641
D89: 100 | E89: h | F89: 1 | G89: Advogado Sênior | H89: DNIT | I89: P8003 | J89: ='COMPOSIÇÃO HORA TÉCNICA'!$E$9 -> 54.21 | K89: K | L89: ='COMPOSIÇÃO HORA TÉCNICA'!$F$9 -> 128.42 | M89: =ROUND(D89*F89*L89,2) -> 12842
D90: 60 | E90: h | F90: 1 | G90: Técnico de Nível Superior | H90: URBEL | I90: 31.40.32 | J90: ='COMPOSIÇÃO HORA TÉCNICA'!$E$8 -> 31.83 | K90: K | L90: ='COMPOSIÇÃO HORA TÉCNICA'!$F$8 -> 75.41 | M90: =ROUND(D90*F90*L90,2) -> 4524.6 | Q90: =M90/($M$22+$M$27+$M$34+$M$50+$M$77+$M$108+$M$126+#REF!) -> #REF! | R90: =M90/$M$108 -> 0.0075772255
C91: Trabalho Técnico Social | D91: 30 | E91: h | F91: 1 | G91: Técnico de Nível Superior | H91: URBEL | I91: 31.40.32 | J91: ='COMPOSIÇÃO HORA TÉCNICA'!$E$8 -> 31.83 | K91: K | L91: ='COMPOSIÇÃO HORA TÉCNICA'!$F$8 -> 75.41 | M91: =ROUND(D91*F91*L91,2) -> 2262.3 | Q91: =M91/($M$22+$M$27+$M$34+$M$50+$M$77+$M$108+$M$126+#REF!) -> #REF! | R91: =M91/$M$50 -> 0.0071224515
B92: Projeto de Parcelamento preliminar | C92: Elaboração do projeto de parcelamento preliminar e memorial descritivo da área a ser regularizada | D92: 20 | E92: h | F92: 1 | G92: Técnico de Nível Superior | H92: URBEL | I92: 31.40.32 | J92: ='COMPOSIÇÃO HORA TÉCNICA'!$E$8 -> 31.83 | K92: K | L92: ='COMPOSIÇÃO HORA TÉCNICA'!$F$8 -> 75.41 | M92: =ROUND(D92*F92*L92,2) -> 1508.2 | N92: =SUM(M92:M93) -> 53139.4 | O92: ='DESPESAS COMPLEMENTARES'!M156 -> 1345.36 | P92: =ROUND(N92+O92,2) -> 54484.76 | Q92: =M92/($M$22+$M$27+$M$34+$M$50+$M$77+$M$108+$M$126+#REF!) -> #REF! | R92: =M92/$M$108 -> 0.0025257418
D93: 180 | E93: h | F93: 2 | G93: Arquiteto Júnior | H93: SINAPI | I93: 33939 | J93: ='COMPOSIÇÃO HORA TÉCNICA'!$E$6 -> 60.54 | K93: K | L93: ='COMPOSIÇÃO HORA TÉCNICA'!F6 -> 143.42 | M93: =ROUND(D93*F93*L93,2) -> 51631.2 | Q93: =M93/($M$22+$M$27+$M$34+$M$50+$M$77+$M$108+$M$126+#REF!) -> #REF! | R93: =M93/$M$108 -> 0.086465377
B94: Listagem preliminar das unidades e beneficiários | C94: Elaboração da listagem preliminar das unidades e beneficiários | D94: 60 | E94: h | F94: 1 | G94: Advogado Sênior | H94: DNIT | I94: P8003 | J94: ='COMPOSIÇÃO HORA TÉCNICA'!$E$9 -> 54.21 | K94: K | L94: ='COMPOSIÇÃO HORA TÉCNICA'!$F$9 -> 128.42 | M94: =ROUND(D94*F94*L94,2) -> 7705.2 | N94: =SUM(M94:M95) -> 10721.6 | O94: ='DESPESAS COMPLEMENTARES'!M162 -> 1130.13 | P94: =ROUND(N94+O94,2) -> 11851.73
D95: 40 | E95: h | F95: 1 | G95: Técnico de Nível Superior | H95: URBEL | I95: 31.40.32 | J95: ='COMPOSIÇÃO HORA TÉCNICA'!$E$8 -> 31.83 | K95: K | L95: ='COMPOSIÇÃO HORA TÉCNICA'!$F$8 -> 75.41 | M95: =ROUND(D95*F95*L95,2) -> 3016.4 | Q95: =M95/($M$22+$M$27+$M$34+$M$50+$M$77+$M$108+$M$126+#REF!) -> #REF! | R95: =M95/$M$108 -> 0.0050514836
B96: Relatório demonstrativo do Plantão de Conferência Documental e Parcelamento | C96: Plantão de Conferência Documental e Parcelamento | D96: 220 | E96: h | F96: 8 | G96: Técnico de Nível Superior | H96: URBEL | I96: 31.40.32 | J96: ='COMPOSIÇÃO HORA TÉCNICA'!$E$8 -> 31.83 | K96: K | L96: ='COMPOSIÇÃO HORA TÉCNICA'!$F$8 -> 75.41 | M96: =ROUND(D96*F96*L96,2) -> 132721.6 | N96: =SUM(M96:M99) -> 247481.8 | O96: ='DESPESAS COMPLEMENTARES'!M164 -> 10551.93 | P96: =ROUND(N96+O96,2) -> 258033.73 | Q96: =M96/($M$22+$M$27+$M$34+$M$50+$M$77+$M$108+$M$126+#REF!) -> #REF! | R96: =M96/$M$108 -> 0.22226528
D97: 220 | E97: h | F97: 1 | G97: Advogado Sênior | H97: DNIT | I97: P8003 | J97: ='COMPOSIÇÃO HORA TÉCNICA'!$E$9 -> 54.21 | K97: K | L97: ='COMPOSIÇÃO HORA TÉCNICA'!$F$9 -> 128.42 | M97: =ROUND(D97*F97*L97,2) -> 28252.4
D98: 150 | E98: h | F98: 1 | G98: Arquiteto Sênior | H98: SINAPI | I98: 33953 | J98: ='COMPOSIÇÃO HORA TÉCNICA'!$E$7 -> 65.86 | K98: K | L98: ='COMPOSIÇÃO HORA TÉCNICA'!$F$7 -> 156.02 | M98: =ROUND(D98*F98*L98,2) -> 23403 | Q98: =M98/($M$22+$M$27+$M$34+$M$50+$M$77+$M$108+$M$126+#REF!) -> #REF! | R98: =M98/$M$22 -> 0.23372732
D99: 220 | E99: h | F99: 2 | G99: Arquiteto Júnior | H99: SINAPI | I99: 33939 | J99: ='COMPOSIÇÃO HORA TÉCNICA'!$E$6 -> 60.54 | K99: K | L99: ='COMPOSIÇÃO HORA TÉCNICA'!F6 -> 143.42 | M99: =ROUND(D99*F99*L99,2) -> 63104.8 | Q99: =M99/($M$22+$M$27+$M$34+$M$50+$M$77+$M$108+$M$126+#REF!) -> #REF! | R99: =M99/$M$108 -> 0.1056799
B100: Projeto de Regularização Fundiária | C100: Trabalho Técnico Social | D100: 30 | E100: h | F100: 1 | G100: Técnico de Nível Superior | H100: URBEL | I100: 31.40.32 | J100: ='COMPOSIÇÃO HORA TÉCNICA'!$E$8 -> 31.83 | K100: K | L100: ='COMPOSIÇÃO HORA TÉCNICA'!$F$8 -> 75.41 | M100: =ROUND(D100*F100*L100,2) -> 2262.3 | N100: =SUM(M100:M101) -> 45288.3 | O100: ='DESPESAS COMPLEMENTARES'!M178 -> 3578.71 | P100: =ROUND(N100+O100,2) -> 48867.01 | Q100: =M100/($M$22+$M$27+$M$34+$M$50+$M$77+$M$108+$M$126+#REF!) -> #REF! | R100: =M100/$M$50 -> 0.0071224515
...

Sheet DESPESAS COMPLEMENTARES
A1: ANEXO 3.2 - DESPESAS COMPLEMENTARES
A2: FASE | B2: PRODUTO | C2: TIPO | D2: ITEM | E2: QUANTIDADE | F2: UNIDADE | G2: REFERÊNCIA | H2: CÓDIGO | I2: CUSTO UNITÁRIO | J2: FATOR DE PREÇO | K2: CUSTO UNITÁRIO C/ FATOR DE PREÇO | L2: CUSTO TOTAL POR ITEM | M2: CUSTO TOTAL DO PRODUTO | N2: percentual do contrato | O2: percentual da etapa
A3: LEVANTAMENTO SITUACIONAL E PESQUISA DOMINIAL | B3: Relatório de Levantamento Situacional | C3: PEÇAS GRÁFICAS | D3: Xerox preto/branco - Formato A4 | E3: 1000 | F3: unidades | G3: SUDECAP | H3: 94.07.01 | I3: =I262 -> 0.5 | J3: TRDE | K3: =I3*'COMPOSIÇÃO HORA TÉCNICA'!$C$15 -> 0.62785388 | L3: =ROUND(E3*K3,2) -> 627.85 | M3: =SUM(L3:L16) -> 14435.84 | N3: ='MEMÓRIA DE CÁLCULO'!#REF! -> #REF! | O3: ='MEMÓRIA DE CÁLCULO'!#REF! -> #REF!
D4: Plotagem colorida sulfite - Formato A4 | E4: 1200 | F4: unidades | G4: SUDECAP | H4: 94.15.01 | I4: =I263 -> 2 | J4: TRDE | K4: =I4*'COMPOSIÇÃO HORA TÉCNICA'!$C$15 -> 2.5114155 | L4: =ROUND(E4*K4,2) -> 3013.7
D5: Plotagem colorida sulfite - Formato A2 | E5: 10 | F5: unidades | G5: SUDECAP | H5: 94.15.03 | I5: =I265 -> 9.5 | J5: TRDE | K5: =I5*'COMPOSIÇÃO HORA TÉCNICA'!$C$15 -> 11.929224 | L5: =ROUND(E5*K5,2) -> 119.29
D6: Plotagem colorida sulfite - Formato A1 | E6: 2 | F6: unidades | G6: SUDECAP | H6: 94.15.04 | I6: =I266 -> 12 | J6: TRDE | K6: =I6*'COMPOSIÇÃO HORA TÉCNICA'!$C$15 -> 15.068493 | L6: =ROUND(E6*K6,2) -> 30.14
D7: Papel couchê fosco 120 gramas 210 X 297 pacote 75 folhas | E7: 3 | F7: unidades | G7: URBEL | H7: 71.20.98 | I7: 24.97 | J7: TRDE | K7: =I7*'COMPOSIÇÃO HORA TÉCNICA'!$C$15 -> 31.355023 | L7: =ROUND(E7*K7,2) -> 94.07
D8: Pasta argola | E8: 1 | F8: unidades | G8: PESQUISA DE PREÇO | H8: - | I8: =I270 -> 31.4 | J8: TRDE | K8: =I8*'COMPOSIÇÃO HORA TÉCNICA'!$C$15 -> 39.429224 | L8: =ROUND(E8*K8,2) -> 39.43
C9: TRABALHO TÉCNICO SOCIAL | D9: Caneta esferográfica azul 1mm cx 50 unid | E9: 1 | F9: unidades | G9: URBEL | H9: 71.19.47 | I9: 49.73 | J9: TRDE | K9: =I9*'COMPOSIÇÃO HORA TÉCNICA'!$C$15 -> 62.446347 | L9: =ROUND(E9*K9,2) -> 62.45
D10: Banner em lona 1,0x1,2m | E10: 2 | F10: unidades | G10: URBEL | H10: 71.06.01 | I10: 95.23 | J10: TRDE | K10: =I10*'COMPOSIÇÃO HORA TÉCNICA'!$C$15 -> 119.58105 | L10: =ROUND(E10*K10,2) -> 239.16
D11: Locação de imóvel (incluídos impostos e taxas) | E11: 0.033 | F11: mês | G11: URBEL | H11: 31.40.53 | I11: 3251.08 | J11: TRDE | K11: =I11*'COMPOSIÇÃO HORA TÉCNICA'!$C$15 -> 4082.4064 | L11: =ROUND(E11*K11,2) -> 134.72
D12: Locação de mesa de plástico polipropileno - 04 lugares | E12: 20 | F12: unidades | G12: URBEL | H12: 71.21.72 | I12: 7.41 | J12: TRDE | K12: =I12*'COMPOSIÇÃO HORA TÉCNICA'!$C$15 -> 9.3047945 | L12: =ROUND(E12*K12,2) -> 186.1
D13: Locação de cadeira de plástico em polipropileno, sem braços | E13: 900 | F13: unidades | G13: URBEL | H13: 71.21.71 | I13: 3.07 | J13: TRDE | K13: =I13*'COMPOSIÇÃO HORA TÉCNICA'!$C$15 -> 3.8550228 | L13: =ROUND(E13*K13,2) -> 3469.52
C14: INFORMÁTICA | D14: HD externo 1TB USB portátil | E14: 1 | F14: unidade | G14: URBEL | H14: 31.42.99 | I14: 518.33 | J14: TRDE | K14: =I14*'COMPOSIÇÃO HORA TÉCNICA'!$C$15 -> 650.871 | L14: =ROUND(E14*K14,2) -> 650.87
C15: LOGÍSTICA | D15: Locação veículo popular motor 1.0 c/ ar e seguro | E15: 1.5 | F15: mês | G15: SUDECAP | H15: 54.40.06 | I15: =I274 -> 2441.57 | J15: TRDE | K15: =I15*'COMPOSIÇÃO HORA TÉCNICA'!$C$15 -> 3065.8984 | L15: =ROUND(E15*K15,2) -> 4598.85
D16: Gasolina comum | E16: 150 | F16: litros | G16: SINAPI | H16: 4222 | I16: =I275 -> 6.21 | J16: TRDE | K16: =I16*'COMPOSIÇÃO HORA TÉCNICA'!$C$15 -> 7.7979452 | L16: =ROUND(E16*K16,2) -> 1169.69
B17: Plano de Mobilização, Organização e Capacitação Social | C17: PEÇAS GRÁFICAS | D17: Xerox preto/branco - Formato A4 | E17: 300 | F17: unidades | G17: SUDECAP | H17: 94.07.01 | I17: =I262 -> 0.5 | J17: TRDE | K17: =I17*'COMPOSIÇÃO HORA TÉCNICA'!$C$15 -> 0.62785388 | L17: =ROUND(E17*K17,2) -> 188.36 | M17: =SUM(L17:L29) -> 5300.99 | N17: ='MEMÓRIA DE CÁLCULO'!#REF! -> #REF! | O17: ='MEMÓRIA DE CÁLCULO'!#REF! -> #REF!
D18: Plotagem colorida sulfite - Formato A4 | E18: 450 | F18: unidades | G18: SUDECAP | H18: 94.15.01 | I18: =I263 -> 2 | J18: TRDE | K18: =I18*'COMPOSIÇÃO HORA TÉCNICA'!$C$15 -> 2.5114155 | L18: =ROUND(E18*K18,2) -> 1130.14
D19: Plotagem colorida sulfite - Formato A2 | E19: 2 | F19: unidades | G19: SUDECAP | H19: 94.15.03 | I19: =I265 -> 9.5 | J19: TRDE | K19: =I19*'COMPOSIÇÃO HORA TÉCNICA'!$C$15 -> 11.929224 | L19: =ROUND(E19*K19,2) -> 23.86
D20: Plotagem colorida sulfite - Formato A1 | E20: 1 | F20: unidades | G20: SUDECAP | H20: 94.15.04 | I20: =I266 -> 12 | J20: TRDE | K20: =I20*'COMPOSIÇÃO HORA TÉCNICA'!$C$15 -> 15.068493 | L20: =ROUND(E20*K20,2) -> 15.07
D21: Papel couchê fosco 120 gramas 210 X 297 pacote 75 folhas | E21: 2 | F21: unidades | G21: URBEL | H21: 71.20.98 | I21: 24.97 | J21: TRDE | K21: =I21*'COMPOSIÇÃO HORA TÉCNICA'!$C$15 -> 31.355023 | L21: =ROUND(E21*K21,2) -> 62.71
D22: Pasta argola | E22: 1 | F22: unidades | G22: PESQUISA DE PREÇO | H22: - | I22: =I270 -> 31.4 | J22: TRDE | K22: =I22*'COMPOSIÇÃO HORA TÉCNICA'!$C$15 -> 39.429224 | L22: =ROUND(E22*K22,2) -> 39.43
C23: TRABALHO TÉCNICO SOCIAL | D23: Camiseta em malha | E23: 60 | F23: unidades | G23: URBEL | H23: 71.21.59 | I23: 26.35 | J23: TRDE | K23: =I23*'COMPOSIÇÃO HORA TÉCNICA'!$C$15 -> 33.0879 | L23: =ROUND(E23*K23,2) -> 1985.27
D24: Pasta de plástico com elástico | E24: 60 | F24: unidades | G24: URBEL | H24: 71.19.28 | I24: 4.02 | J24: TRDE | K24: =I24*'COMPOSIÇÃO HORA TÉCNICA'!$C$15 -> 5.0479452 | L24: =ROUND(E24*K24,2) -> 302.88
D25: Caneta esferográfica azul 1mm cx 50 unid | E25: 2 | F25: unidades | G25: URBEL | H25: 71.19.47 | I25: 49.73 | J25: TRDE | K25: =I25*'COMPOSIÇÃO HORA TÉCNICA'!$C$15 -> 62.446347 | L25: =ROUND(E25*K25,2) -> 124.89
D26: Banner em lona 1,0x1,2m | E26: 1 | F26: unidades | G26: URBEL | H26: 71.06.01 | I26: 95.23 | J26: TRDE | K26: =I26*'COMPOSIÇÃO HORA TÉCNICA'!$C$15 -> 119.58105 | L26: =ROUND(E26*K26,2) -> 119.58
D27: Locação de cadeira de plástico em polipropileno, sem braços | E27: 100 | F27: unidades | G27: URBEL | H27: 71.21.71 | I27: 3.07 | J27: TRDE | K27: =I27*'COMPOSIÇÃO HORA TÉCNICA'!$C$15 -> 3.8550228 | L27: =ROUND(E27*K27,2) -> 385.5
D28: Locação de imóvel (incluídos impostos e taxas) | E28: 0.033 | F28: mês | G28: URBEL | H28: 31.40.53 | I28: 3251.08 | J28: TRDE | K28: =I28*'COMPOSIÇÃO HORA TÉCNICA'!$C$15 -> 4082.4064 | L28: =ROUND(E28*K28,2) -> 134.72
D29: Lanche | E29: 100 | F29: unidades | G29: URBEL | H29: 71.06.13 | I29: 6.28 | J29: TRDE | K29: =I29*'COMPOSIÇÃO HORA TÉCNICA'!$C$15 -> 7.8858447 | L29: =ROUND(E29*K29,2) -> 788.58
B30: Relatório de Pesquisa Dominial e Cartorária | C30: PEÇAS GRÁFICAS | D30: Xerox preto/branco - Formato A4 | E30: 700 | F30: unidades | G30: SUDECAP | H30: 94.07.01 | I30: =I262 -> 0.5 | J30: TRDE | K30: =I30*'COMPOSIÇÃO HORA TÉCNICA'!$C$15 -> 0.62785388 | L30: =ROUND(E30*K30,2) -> 439.5 | M30: =SUM(L30:L36) -> 4269.63 | N30: ='MEMÓRIA DE CÁLCULO'!#REF! -> #REF! | O30: ='MEMÓRIA DE CÁLCULO'!#REF! -> #REF!
D31: Plotagem colorida sulfite - Formato A4 | E31: 1000 | F31: unidades | G31: SUDECAP | H31: 94.15.01 | I31: =I263 -> 2 | J31: TRDE | K31: =I31*'COMPOSIÇÃO HORA TÉCNICA'!$C$15 -> 2.5114155 | L31: =ROUND(E31*K31,2) -> 2511.42
D32: Plotagem colorida sulfite - Formato A2 | E32: 8 | F32: unidades | G32: SUDECAP | H32: 94.15.03 | I32: =I265 -> 9.5 | J32: TRDE | K32: =I32*'COMPOSIÇÃO HORA TÉCNICA'!$C$15 -> 11.929224 | L32: =ROUND(E32*K32,2) -> 95.43
D33: Plotagem colorida sulfite - Formato A1 | E33: 2 | F33: unidades | G33: SUDECAP | H33: 94.15.04 | I33: =I266 -> 12 | J33: TRDE | K33: =I33*'COMPOSIÇÃO HORA TÉCNICA'!$C$15 -> 15.068493 | L33: =ROUND(E33*K33,2) -> 30.14
D34: Pasta argola | E34: 1 | F34: unidades | G34: PESQUISA DE PREÇO | H34: - | I34: =I270 -> 31.4 | J34: TRDE | K34: =I34*'COMPOSIÇÃO HORA TÉCNICA'!$C$15 -> 39.429224 | L34: =ROUND(E34*K34,2) -> 39.43
C35: LOGÍSTICA | D35: Locação veículo popular motor 1.0 c/ ar e seguro | E35: 0.3 | F35: mês | G35: SUDECAP | H35: 54.40.06 | I35: =I274 -> 2441.57 | J35: TRDE | K35: =I35*'COMPOSIÇÃO HORA TÉCNICA'!$C$15 -> 3065.8984 | L35: =ROUND(E35*K35,2) -> 919.77
D36: Gasolina comum | E36: 30 | F36: litros | G36: SINAPI | H36: 4222 | I36: =I275 -> 6.21 | J36: TRDE | K36: =I36*'COMPOSIÇÃO HORA TÉCNICA'!$C$15 -> 7.7979452 | L36: =ROUND(E36*K36,2) -> 233.94
A39: ATUALIZAÇÃO DA BASE CARTOGRÁFICA | B39: Base Cartográfica Atualizada | C39: LOGÍSTICA | D39: Locação veículo popular motor 1.0 c/ ar e seguro | E39: 3 | F39: mês | G39: SUDECAP | H39: 54.40.06 | I39: =I274 -> 2441.57 | J39: TRDE | K39: =I39*'COMPOSIÇÃO HORA TÉCNICA'!$C$15 -> 3065.8984 | L39: =ROUND(E39*K39,2) -> 9197.7 | M39: =SUM(L39:L49) -> 22854.73
D40: Gasolina comum | E40: 300 | F40: litros | G40: SINAPI | H40: 4222 | I40: =I275 -> 6.21 | J40: TRDE | K40: =I40*'COMPOSIÇÃO HORA TÉCNICA'!$C$15 -> 7.7979452 | L40: =ROUND(E40*K40,2) -> 2339.38
C41: PEÇAS GRÁFICAS | D41: Xerox preto/branco - Formato A4 | E41: 1600 | F41: unidades | G41: SUDECAP | H41: 94.07.01 | I41: =I262 -> 0.5 | J41: TRDE | K41: =I41*'COMPOSIÇÃO HORA TÉCNICA'!$C$15 -> 0.62785388 | L41: =ROUND(E41*K41,2) -> 1004.57
D42: Plotagem colorida sulfite - Formato A4 | E42: 1600 | F42: unidades | G42: SUDECAP | H42: 94.15.01 | I42: =I263 -> 2 | J42: TRDE | K42: =I42*'COMPOSIÇÃO HORA TÉCNICA'!$C$15 -> 2.5114155 | L42: =ROUND(E42*K42,2) -> 4018.26
D43: Plotagem colorida sulfite - Formato A2 | E43: 150 | F43: unidades | G43: SUDECAP | H43: 94.15.03 | I43: =I265 -> 9.5 | J43: TRDE | K43: =I43*'COMPOSIÇÃO HORA TÉCNICA'!$C$15 -> 11.929224 | L43: =ROUND(E43*K43,2) -> 1789.38
D44: Plotagem colorida sulfite - Formato A1 | E44: 150 | F44: unidades | G44: SUDECAP | H44: 94.15.04 | I44: =I266 -> 12 | J44: TRDE | K44: =I44*'COMPOSIÇÃO HORA TÉCNICA'!$C$15 -> 15.068493 | L44: =ROUND(E44*K44,2) -> 2260.27
D45: Plotagem colorida sulfite - Formato A1 (estendido) | E45: 30 | F45: unidades | G45: SUDECAP | H45: 94.15.07 | I45: =I267 -> 15 | J45: TRDE | K45: =I45*'COMPOSIÇÃO HORA TÉCNICA'!$C$15 -> 18.835616 | L45: =ROUND(E45*K45,2) -> 565.07
D46: Pasta argola | E46: 6 | F46: unidades | G46: PESQUISA DE PREÇO | H46: - | I46: =I270 -> 31.4 | J46: TRDE | K46: =I46*'COMPOSIÇÃO HORA TÉCNICA'!$C$15 -> 39.429224 | L46: =ROUND(E46*K46,2) -> 236.58
C47: TRABALHO TÉCNICO SOCIAL | D47: Locação de cadeira de plástico em polipropileno, sem braços | E47: 100 | F47: unidades | G47: URBEL | H47: 71.21.71 | I47: 3.07 | J47: TRDE | K47: =I47*'COMPOSIÇÃO HORA TÉCNICA'!$C$15 -> 3.8550228 | L47: =ROUND(E47*K47,2) -> 385.5
D48: Locação de imóvel (incluídos impostos e taxas) | E48: 0.066 | F48: mês | G48: URBEL | H48: 31.40.53 | I48: 3251.08 | J48: TRDE | K48: =I48*'COMPOSIÇÃO HORA TÉCNICA'!$C$15 -> 4082.4064 | L48: =ROUND(E48*K48,2) -> 269.44
D49: Lanche | E49: 100 | F49: unidades | G49: URBEL | H49: 71.06.13 | I49: 6.28 | J49: TRDE | K49: =I49*'COMPOSIÇÃO HORA TÉCNICA'!$C$15 -> 7.8858447 | L49: =ROUND(E49*K49,2) -> 788.58
A52: SELAGEM E CADASTRO SOCIOECONÔMICO E FUNDIÁRIO | B52: Relatório da fase de Selagem e Cadastro Socioeconômico e Fundiário, incluindo como anexo o arquivo digital do Banco de Dados Preliminar e os prontuários separados por selo | C52: PEÇAS GRÁFICAS | D52: Xerox preto/branco - Formato A4 | E52: 3000 | F52: unidades | G52: SUDECAP | H52: 94.07.01 | I52: =I262 -> 0.5 | J52: TRDE | K52: =I52*'COMPOSIÇÃO HORA TÉCNICA'!$C$15 -> 0.62785388 | L52: =ROUND(E52*K52,2) -> 1883.56 | M52: =SUM(L52:L63) -> 19998.77
D53: Plotagem colorida sulfite - Formato A4 | E53: 1200 | F53: unidades | G53: SUDECAP | H53: 94.15.01 | I53: =I263 -> 2 | J53: TRDE | K53: =I53*'COMPOSIÇÃO HORA TÉCNICA'!$C$15 -> 2.5114155 | L53: =ROUND(E53*K53,2) -> 3013.7
D54: Plotagem colorida sulfite - Formato A2 | E54: 25 | F54: unidades | G54: SUDECAP | H54: 94.15.03 | I54: =I265 -> 9.5 | J54: TRDE | K54: =I54*'COMPOSIÇÃO HORA TÉCNICA'!$C$15 -> 11.929224 | L54: =ROUND(E54*K54,2) -> 298.23
D55: Plotagem colorida sulfite - Formato A1 | E55: 25 | F55: unidades | G55: SUDECAP | H55: 94.15.04 | I55: =I266 -> 12 | J55: TRDE | K55: =I55*'COMPOSIÇÃO HORA TÉCNICA'!$C$15 -> 15.068493 | L55: =ROUND(E55*K55,2) -> 376.71
D56: Plotagem colorida sulfite - Formato A1 (estendido) | E56: 15 | F56: unidades | G56: SUDECAP | H56: 94.15.07 | I56: =I267 -> 15 | J56: TRDE | K56: =I56*'COMPOSIÇÃO HORA TÉCNICA'!$C$15 -> 18.835616 | L56: =ROUND(E56*K56,2) -> 282.53
D57: Etiqueta adesiva A4, cx com 100 folhas | E57: 10 | F57: unidades | G57: URBEL | H57: 31.43.45 | I57: 84.54 | J57: TRDE | K57: =I57*'COMPOSIÇÃO HORA TÉCNICA'!$C$15 -> 106.15753 | L57: =ROUND(E57*K57,2) -> 1061.58
D58: Pasta argola | E58: 6 | F58: unidades | G58: PESQUISA DE PREÇO | H58: - | I58: =I270 -> 31.4 | J58: TRDE | K58: =I58*'COMPOSIÇÃO HORA TÉCNICA'!$C$15 -> 39.429224 | L58: =ROUND(E58*K58,2) -> 236.58
C59: TRABALHO TÉCNICO SOCIAL | D59: Locação de cadeira de plástico em polipropileno, sem braços | E59: 100 | F59: unidades | G59: URBEL | H59: 71.21.71 | I59: 3.07 | J59: TRDE | K59: =I59*'COMPOSIÇÃO HORA TÉCNICA'!$C$15 -> 3.8550228 | L59: =ROUND(E59*K59,2) -> 385.5
D60: Locação de imóvel (incluídos impostos e taxas) | E60: 0.033 | F60: mês | G60: URBEL | H60: 31.40.53 | I60: 3251.08 | J60: TRDE | K60: =I60*'COMPOSIÇÃO HORA TÉCNICA'!$C$15 -> 4082.4064 | L60: =ROUND(E60*K60,2) -> 134.72
D61: Lanche | E61: 100 | F61: unidades | G61: URBEL | H61: 71.06.13 | I61: 6.28 | J61: TRDE | K61: =I61*'COMPOSIÇÃO HORA TÉCNICA'!$C$15 -> 7.8858447 | L61: =ROUND(E61*K61,2) -> 788.58
C62: LOGÍSTICA | D62: Locação veículo popular motor 1.0 c/ ar e seguro | E62: 3 | F62: mês | G62: SUDECAP | H62: 54.40.06 | I62: =I274 -> 2441.57 | J62: TRDE | K62: =I62*'COMPOSIÇÃO HORA TÉCNICA'!$C$15 -> 3065.8984 | L62: =ROUND(E62*K62,2) -> 9197.7
D63: Gasolina comum | E63: 300 | F63: litros | G63: SINAPI | H63: 4222 | I63: =I275 -> 6.21 | J63: TRDE | K63: =I63*'COMPOSIÇÃO HORA TÉCNICA'!$C$15 -> 7.7979452 | L63: =ROUND(E63*K63,2) -> 2339.38
A66: DIAGNÓSTICO | B66: Diagnóstico Setorial Jurídico | C66: PEÇAS GRÁFICAS | D66: Xerox preto/branco - Formato A4 | E66: 800 | F66: unidades | G66: SUDECAP | H66: 94.07.01 | I66: =I262 -> 0.5 | J66: TRDE | K66: =I66*'COMPOSIÇÃO HORA TÉCNICA'!$C$15 -> 0.62785388 | L66: =ROUND(E66*K66,2) -> 502.28 | M66: =SUM(L66:L71) -> 3084.51
D67: Plotagem colorida sulfite - Formato A4 | E67: 800 | F67: unidades | G67: SUDECAP | H67: 94.15.01 | I67: =I263 -> 2 | J67: TRDE | K67: =I67*'COMPOSIÇÃO HORA TÉCNICA'!$C$15 -> 2.5114155 | L67: =ROUND(E67*K67,2) -> 2009.13
D68: Plotagem colorida sulfite - Formato A2 | E68: 10 | F68: unidades | G68: SUDECAP | H68: 94.15.03 | I68: =I265 -> 9.5 | J68: TRDE | K68: =I68*'COMPOSIÇÃO HORA TÉCNICA'!$C$15 -> 11.929224 | L68: =ROUND(E68*K68,2) -> 119.29
D69: Plotagem colorida sulfite - Formato A1 | E69: 25 | F69: unidades | G69: SUDECAP | H69: 94.15.04 | I69: =I266 -> 12 | J69: TRDE | K69: =I69*'COMPOSIÇÃO HORA TÉCNICA'!$C$15 -> 15.068493 | L69: =ROUND(E69*K69,2) -> 376.71
D70: Plotagem colorida sulfite - Formato A1 (estendido) | E70: 2 | F70: unidades | G70: SUDECAP | H70: 94.15.07 | I70: =I267 -> 15 | J70: TRDE | K70: =I70*'COMPOSIÇÃO HORA TÉCNICA'!$C$15 -> 18.835616 | L70: =ROUND(E70*K70,2) -> 37.67
D71: Pasta argola | E71: 1 | F71: unidades | G71: PESQUISA DE PREÇO | H71: - | I71: =I270 -> 31.4 | J71: TRDE | K71: =I71*'COMPOSIÇÃO HORA TÉCNICA'!$C$15 -> 39.429224 | L71: =ROUND(E71*K71,2) -> 39.43
B72: Diagnóstico Setorial dos Aspectos Físico-Urbano-Ambientais | C72: PEÇAS GRÁFICAS | D72: Xerox preto/branco - Formato A4 | E72: 800 | F72: unidades | G72: SUDECAP | H72: 94.07.01 | I72: =I262 -> 0.5 | J72: TRDE | K72: =I72*'COMPOSIÇÃO HORA TÉCNICA'!$C$15 -> 0.62785388 | L72: =ROUND(E72*K72,2) -> 502.28 | M72: =SUM(L72:L79) -> 5679.17
D73: Plotagem colorida sulfite - Formato A4 | E73: 800 | F73: unidades | G73: SUDECAP | H73: 94.15.01 | I73: =I263 -> 2 | J73: TRDE | K73: =I73*'COMPOSIÇÃO HORA TÉCNICA'!$C$15 -> 2.5114155 | L73: =ROUND(E73*K73,2) -> 2009.13
D74: Plotagem colorida sulfite - Formato A2 | E74: 30 | F74: unidades | G74: SUDECAP | H74: 94.15.03 | I74: =I265 -> 9.5 | J74: TRDE | K74: =I74*'COMPOSIÇÃO HORA TÉCNICA'!$C$15 -> 11.929224 | L74: =ROUND(E74*K74,2) -> 357.88
D75: Plotagem colorida sulfite - Formato A1 | E75: 50 | F75: unidades | G75: SUDECAP | H75: 94.15.04 | I75: =I266 -> 12 | J75: TRDE | K75: =I75*'COMPOSIÇÃO HORA TÉCNICA'!$C$15 -> 15.068493 | L75: =ROUND(E75*K75,2) -> 753.42
D76: Plotagem colorida sulfite - Formato A1 (estendido) | E76: 5 | F76: unidades | G76: SUDECAP | H76: 94.15.07 | I76: =I267 -> 15 | J76: TRDE | K76: =I76*'COMPOSIÇÃO HORA TÉCNICA'!$C$15 -> 18.835616 | L76: =ROUND(E76*K76,2) -> 94.18
D77: Pasta argola | E77: 1 | F77: unidades | G77: PESQUISA DE PREÇO | H77: - | I77: =I270 -> 31.4 | J77: TRDE | K77: =I77*'COMPOSIÇÃO HORA TÉCNICA'!$C$15 -> 39.429224 | L77: =ROUND(E77*K77,2) -> 39.43
C78: LOGÍSTICA | D78: Locação veículo popular motor 1.0 c/ ar e seguro | E78: 0.5 | F78: mês | G78: SUDECAP | H78: 54.40.06 | I78: =I274 -> 2441.57 | J78: TRDE | K78: =I78*'COMPOSIÇÃO HORA TÉCNICA'!$C$15 -> 3065.8984 | L78: =ROUND(E78*K78,2) -> 1532.95
D79: Gasolina comum | E79: 50 | F79: litros | G79: SINAPI | H79: 4222 | I79: =I275 -> 6.21 | J79: TRDE | K79: =I79*'COMPOSIÇÃO HORA TÉCNICA'!$C$15 -> 7.7979452 | L79: =ROUND(E79*K79,2) -> 389.9
B80: Diagnóstico Setorial dos Aspectos Socioeconômico Organizativos | C80: PEÇAS GRÁFICAS | D80: Xerox preto/branco - Formato A4 | E80: 800 | F80: unidades | G80: SUDECAP | H80: 94.07.01 | I80: =I262 -> 0.5 | J80: TRDE | K80: =I80*'COMPOSIÇÃO HORA TÉCNICA'!$C$15 -> 0.62785388 | L80: =ROUND(E80*K80,2) -> 502.28 | M80: =SUM(L80:L88) -> 3825.11
D81: Plotagem colorida sulfite - Formato A4 | E81: 800 | F81: unidades | G81: SUDECAP | H81: 94.15.01 | I81: =I263 -> 2 | J81: TRDE | K81: =I81*'COMPOSIÇÃO HORA TÉCNICA'!$C$15 -> 2.5114155 | L81: =ROUND(E81*K81,2) -> 2009.13
D82: Plotagem colorida sulfite - Formato A2 | E82: 10 | F82: unidades | G82: SUDECAP | H82: 94.15.03 | I82: =I265 -> 9.5 | J82: TRDE | K82: =I82*'COMPOSIÇÃO HORA TÉCNICA'!$C$15 -> 11.929224 | L82: =ROUND(E82*K82,2) -> 119.29
D83: Plotagem colorida sulfite - Formato A1 | E83: 25 | F83: unidades | G83: SUDECAP | H83: 94.15.04 | I83: =I266 -> 12 | J83: TRDE | K83: =I83*'COMPOSIÇÃO HORA TÉCNICA'!$C$15 -> 15.068493 | L83: =ROUND(E83*K83,2) -> 376.71
D84: Plotagem colorida sulfite - Formato A1 (estendido) | E84: 3 | F84: unidades | G84: SUDECAP | H84: 94.15.07 | I84: =I267 -> 15 | J84: TRDE | K84: =I84*'COMPOSIÇÃO HORA TÉCNICA'!$C$15 -> 18.835616 | L84: =ROUND(E84*K84,2) -> 56.51
D85: Pasta argola | E85: 1 | F85: unidades | G85: PESQUISA DE PREÇO | H85: - | I85: =I270 -> 31.4 | J85: TRDE | K85: =I85*'COMPOSIÇÃO HORA TÉCNICA'!$C$15 -> 39.429224 | L85: =ROUND(E85*K85,2) -> 39.43
C86: TRABALHO TÉCNICO SOCIAL | D86: Locação de cadeira de plástico em polipropileno, sem braços | E86: 50 | F86: unidades | G86: URBEL | H86: 71.21.71 | I86: 3.07 | J86: TRDE | K86: =I86*'COMPOSIÇÃO HORA TÉCNICA'!$C$15 -> 3.8550228 | L86: =ROUND(E86*K86,2) -> 192.75
D87: Locação de imóvel (incluídos impostos e taxas) | E87: 0.033 | F87: mês | G87: URBEL | H87: 31.40.53 | I87: 3251.08 | J87: TRDE | K87: =I87*'COMPOSIÇÃO HORA TÉCNICA'!$C$15 -> 4082.4064 | L87: =ROUND(E87*K87,2) -> 134.72
D88: Lanche | E88: 50 | F88: unidades | G88: URBEL | H88: 71.06.13 | I88: 6.28 | J88: TRDE | K88: =I88*'COMPOSIÇÃO HORA TÉCNICA'!$C$15 -> 7.8858447 | L88: =ROUND(E88*K88,2) -> 394.29
B89: Diagnóstico Integrado | C89: PEÇAS GRÁFICAS | D89: Xerox preto/branco - Formato A4 | E89: 800 | F89: unidades | G89: SUDECAP | H89: 94.07.01 | I89: =I262 -> 0.5 | J89: TRDE | K89: =I89*'COMPOSIÇÃO HORA TÉCNICA'!$C$15 -> 0.62785388 | L89: =ROUND(E89*K89,2) -> 502.28 | M89: =SUM(L89:L97) -> 4961.53
D90: Plotagem colorida sulfite - Formato A4 | E90: 800 | F90: unidades | G90: SUDECAP | H90: 94.15.01 | I90: =I263 -> 2 | J90: TRDE | K90: =I90*'COMPOSIÇÃO HORA TÉCNICA'!$C$15 -> 2.5114155 | L90: =ROUND(E90*K90,2) -> 2009.13
D91: Plotagem colorida sulfite - Formato A2 | E91: 50 | F91: unidades | G91: SUDECAP | H91: 94.15.03 | I91: =I265 -> 9.5 | J91: TRDE | K91: =I91*'COMPOSIÇÃO HORA TÉCNICA'!$C$15 -> 11.929224 | L91: =ROUND(E91*K91,2) -> 596.46
D92: Plotagem colorida sulfite - Formato A1 | E92: 60 | F92: unidades | G92: SUDECAP | H92: 94.15.04 | I92: =I266 -> 12 | J92: TRDE | K92: =I92*'COMPOSIÇÃO HORA TÉCNICA'!$C$15 -> 15.068493 | L92: =ROUND(E92*K92,2) -> 904.11
D93: Plotagem colorida sulfite - Formato A1 (estendido) | E93: 10 | F93: unidades | G93: SUDECAP | H93: 94.15.07 | I93: =I267 -> 15 | J93: TRDE | K93: =I93*'COMPOSIÇÃO HORA TÉCNICA'!$C$15 -> 18.835616 | L93: =ROUND(E93*K93,2) -> 188.36
D94: Pasta argola | E94: 1 | F94: unidades | G94: PESQUISA DE PREÇO | H94: - | I94: =I270 -> 31.4 | J94: TRDE | K94: =I94*'COMPOSIÇÃO HORA TÉCNICA'!$C$15 -> 39.429224 | L94: =ROUND(E94*K94,2) -> 39.43
C95: TRABALHO TÉCNICO SOCIAL | D95: Locação de cadeira de plástico em polipropileno, sem braços | E95: 50 | F95: unidades | G95: URBEL | H95: 71.21.71 | I95: 3.07 | J95: TRDE | K95: =I95*'COMPOSIÇÃO HORA TÉCNICA'!$C$15 -> 3.8550228 | L95: =ROUND(E95*K95,2) -> 192.75
D96: Locação de imóvel (incluídos impostos e taxas) | E96: 0.033 | F96: mês | G96: URBEL | H96: 31.40.53 | I96: 3251.08 | J96: TRDE | K96: =I96*'COMPOSIÇÃO HORA TÉCNICA'!$C$15 -> 4082.4064 | L96: =ROUND(E96*K96,2) -> 134.72
D97: Lanche | E97: 50 | F97: unidades | G97: URBEL | H97: 71.06.13 | I97: 6.28 | J97: TRDE | K97: =I97*'COMPOSIÇÃO HORA TÉCNICA'!$C$15 -> 7.8858447 | L97: =ROUND(E97*K97,2) -> 394.29
A100: PROPOSTAS DE SOLUÇÃO DE DESCONFORMIDADES | B100: Relatório de Cenário de Intervenção Integrada | C100: PEÇAS GRÁFICAS | D100: Xerox preto/branco - Formato A4 | E100: 850 | F100: unidades | G100: SUDECAP | H100: 94.07.01 | I100: =I262 -> 0.5 | J100: TRDE | K100: =I100*'COMPOSIÇÃO HORA TÉCNICA'!$C$15 -> 0.62785388 | L100: =ROUND(E100*K100,2) -> 533.68 | M100: =SUM(L100:L108) -> 3065.42
D101: Plotagem colorida sulfite - Formato A4 | E101: 500 | F101: unidades | G101: SUDECAP | H101: 94.15.01 | I101: =I263 -> 2 | J101: TRDE | K101: =I101*'COMPOSIÇÃO HORA TÉCNICA'!$C$15 -> 2.5114155 | L101: =ROUND(E101*K101,2) -> 1255.71
D102: Plotagem colorida sulfite - Formato A2 | E102: 10 | F102: unidades | G102: SUDECAP | H102: 94.15.03 | I102: =I265 -> 9.5 | J102: TRDE | K102: =I102*'COMPOSIÇÃO HORA TÉCNICA'!$C$15 -> 11.929224 | L102: =ROUND(E102*K102,2) -> 119.29
D103: Plotagem colorida sulfite - Formato A1 | E103: 20 | F103: unidades | G103: SUDECAP | H103: 94.15.04 | I103: =I266 -> 12 | J103: TRDE | K103: =I103*'COMPOSIÇÃO HORA TÉCNICA'!$C$15 -> 15.068493 | L103: =ROUND(E103*K103,2) -> 301.37
D104: Plotagem colorida sulfite - Formato A1 (estendido) | E104: 5 | F104: unidades | G104: SUDECAP | H104: 94.15.07 | I104: =I267 -> 15 | J104: TRDE | K104: =I104*'COMPOSIÇÃO HORA TÉCNICA'!$C$15 -> 18.835616 | L104: =ROUND(E104*K104,2) -> 94.18
D105: Pasta argola | E105: 1 | F105: unidades | G105: PESQUISA DE PREÇO | H105: - | I105: =I270 -> 31.4 | J105: TRDE | K105: =I105*'COMPOSIÇÃO HORA TÉCNICA'!$C$15 -> 39.429224 | L105: =ROUND(E105*K105,2) -> 39.43
C106: TRABALHO TÉCNICO SOCIAL | D106: Locação de cadeira de plástico em polipropileno, sem braços | E106: 50 | F106: unidades | G106: URBEL | H106: 71.21.71 | I106: 3.07 | J106: TRDE | K106: =I106*'COMPOSIÇÃO HORA TÉCNICA'!$C$15 -> 3.8550228 | L106: =ROUND(E106*K106,2) -> 192.75
D107: Locação de imóvel (incluídos impostos e taxas) | E107: 0.033 | F107: mês | G107: URBEL | H107: 31.40.53 | I107: 3251.08 | J107: TRDE | K107: =I107*'COMPOSIÇÃO HORA TÉCNICA'!$C$15 -> 4082.4064 | L107: =ROUND(E107*K107,2) -> 134.72
D108: Lanche | E108: 50 | F108: unidades | G108: URBEL | H108: 71.06.13 | I108: 6.28 | J108: TRDE | K108: =I108*'COMPOSIÇÃO HORA TÉCNICA'!$C$15 -> 7.8858447 | L108: =ROUND(E108*K108,2) -> 394.29
...
